Workbook
Name _Hlk119335805: 'Form C2.3 Summary of Pricing Sc'!#REF!
Name _SEC1200: #REF!
Name _SEC1200: #REF!
Name _Toc391906137: 'Form C2.3 Summary of Pricing Sc'!$A$1
Name _Toc391906137: Summary!$A$1
Name _Toc407010575: 'Form C2.3 Summary of Pricing Sc'!$A$1
Name _Toc407010575: Summary!$A$1
Name _Toc42260028: 'Form C2.3 Summary of Pricing Sc'!#REF!
Name _Toc42260028: Summary!$A$1304

Sheet C2.2 ROADWORKS
A10: SCHEDULE A: ROADWORKS

Sheet SCH A - ROADWORKS
A1: CONTRACT SANRAL R.573-020-2019/5R
A2: FOR THE UPGRADING OF NATIONAL ROUTE R573 SECTION 2: WORK PACKAGE B FROM KM 36.20 TO KM 48.16
A3: SCHEDULE A: ROADWORKS
A4: ITEM | C4: DESCRIPTION | H4: UNIT | I4: QUANTITY | J4: RATE | K4: AMOUNT
A5: CHAPTER 1 - GENERAL 1.2 GENERAL REQUIREMENTS AND PROVISIONS
A8: C1.2.1 | C8: Environmental Management
B9: C1.2.1.1 | C9: Monitoring of compliance with and reporting on the EMP | H9: month | I9: 24 | K9: =I9*J9 -> 0
B10: C1.2.1.2 | C10: Dedicated Environmental Officer | H10: month | I10: 24 | K10: =I10*J10 -> 0
A11: C1.2.2 | C11: Programming and Reporting
B12: C1.2.2.4 | C12: Submission of a Scheme 2 Full Programme | H12: lump sum | I12: 1 | K12: =I12*J12 -> 0
B13: C1.2.2.5 | C13: Reviewing and updating a Scheme 2 programme every month | H13: month | I13: 24 | K13: =I13*J13 -> 0
B14: C1.2.2.6 | C14: Preparation and submission of all information and reports specified in the Contract Documentation | H14: month | I14: 24 | K14: =I14*J14 -> 0
A15: C1.2.3 | C15: Routine road maintenance of existing public roads within the Site of the Works or other public roads outside the Site of the Works which are used as detours
B16: C1.2.3.1 | C16: Grass cutting | H16: hectare (ha) | I16: 15 | K16: =I16*J16 -> 0
B17: C1.2.3.2 | C17: Drain cleaning | H17: kilometre (km) | I17: 1.6 | K17: =I17*J17 -> 0
B18: C1.2.3.3 | C18: Cleaning out culverts | H18: cubic metre (m3) | I18: 45 | K18: =I18*J18 -> 0
B19: C1.2.3.4 | C19: Collection of rubbish/litter | H19: kilometre (km) | I19: 24 | K19: =I19*J19 -> 0
B20: C.1.2.3.6 | C20: Base and/or surface patching using cold premixed asphalt | H20: kilograme (kg) | I20: 80 | K20: =I20*J20 -> 0
B21: C1.2.3.8 | C21: Replacement of damaged guardrails including posts | H21: metre (m) | I21: 10 | K21: =I21*J21 -> 0
B22: C1.2.3.9 | C22: Grading of temporary gravel deviations and existing roads used as detours | H22: kilometre (km) | I22: 5 | K22: =I22*J22 -> 0
B23: C1.2.3.10 | C23: Watering of gravel deviations and existign roads used as detours | H23: kilolitre (kl) | I23: 200 | K23: =I23*J23 -> 0
B24: C1.2.3.11 | C24: Other road maintenance work ordered by the Engineer | H24: provisional sum | I24: 1 | J24: 150000 | K24: =I24*J24 -> 150000
B25: C1.2.3.12 | C25: Handling cost, profit and all other charges in respect of item C1.2.3.11 | H25: percentage (%) | I25: =J24 -> 150000 | K25: =J25*I25 -> 0
A26: C1.2.5 | C26: Safety
B27: C1.2.5.1 | C27: Health and safety plan | H27: lump sum | I27: 1 | K27: =J27 -> 0
B28: C1.2.5.2 | C28: Implementation of health and safety plan | H28: month | I28: 24 | K28: =I28*J28 -> 0
A29: C1.2.7 | C29: Road safety audits
B30: C1.2.7.1 | C30: Stage 4 work zone traffic management audit | H30: provisional sum | I30: Prov | J30: Sum | K30: 100000
B31: PC1.2.7.2 | C31: Handling cost, profit and all other charges in respect of item P1.2.7.1 | H31: percentage (%) | I31: =K30 -> 100000 | K31: =I31*J31 -> 0
B32: C1.2.7.3 | C32: Stage 5 pre-opening stage traffic safety audit | H32: provisional sum | I32: Prov | J32: Sum | K32: 100000
B33: PC1.2.7.4 | C33: Handling cost, profit and all other charges in respect of item P1.2.7.3 | H33: percentage (%) | I33: =K32 -> 100000 | K33: =I33*J33 -> 0
A34: C1.2.8 | C34: Dayworks
B35: C1.2.8.1 | C35: Personnel
B36: (a) | C36: Unskilled labourer | H36: hour (h) | I36: 100 | K36: =I36*J36 -> 0
B37: (b) | C37: Semi-skilled labourer | H37: hour (h) | I37: 100 | K37: =I37*J37 -> 0
B38: (c) | C38: Skilled labourer | H38: hour (h) | I38: 100 | K38: =I38*J38 -> 0
B39: (d) | C39: Gang leader | H39: hour (h) | I39: 20 | K39: =I39*J39 -> 0
B40: (e) | C40: Foreman | H40: hour (h) | I40: 20 | K40: =I40*J40 -> 0
B41: C1.2.8.2 | C41: Construction equipment
B42: (a) | C42: Motor grader | H42: hour (h) | I42: 50 | K42: =I42*J42 -> 0
B43: (b) | C43: Vibrating roller | H43: hour (h) | I43: 50 | K43: =I43*J43 -> 0
B44: (c) | C44: Pneumatic roller | H44: hour (h) | I44: 50 | K44: =I44*J44 -> 0
B45: (d) | C45: Front end loader | H45: hour (h) | I45: 120 | K45: =I45*J45 -> 0
B46: (f) | C46: Excavator | H46: hour (h) | I46: 120 | K46: =I46*J46 -> 0
B47: (h) | C47: Water cart | H47: hour (h) | I47: 120 | K47: =I47*J47 -> 0
B48: C1.2.8.4 | C48: Materials
B49: (a) | C49: Procurement of materials | H49: provisional sum | I49: Prov | J49: Sum | K49: 100000
B50: (b) | C50: Contractor's handling costs, profit and all other charges in respect of item C1.2.8.4(a) | H50: percentage (%) | I50: =K49 -> 100000 | K50: =I50*J50 -> 0
A51: C1.2.9 | C51: Disposal of non-usable assets
B52: C1.2.9.2 | C52: Disposal of non-usable assets not identified at time of tender | H52: provisional sum | I52: Prov | J52: Sum | K52: 10000
B53: C1.2.9.3 | C53: Handling cost, profit and all other charges in respect of item C1.2.9.2 | H53: percentage (%) | I53: =K52 -> 10000 | K53: =I53*J53 -> 0
A54: C1.2.10 | C54: Dispute Adjudication Board (DAB)
B55: C1.2.10.1 | C55: Employer’s contribution to DAB (50%) | H55: prime cost (PC) sum | I55: Prime | J55: Cost | K55: 2000000
A58: C1.2 | C58: TOTAL CARRIED FORWARD TO SUMMARY | K58: =SUM(K8:K57) -> 2460000
A59: CHAPTER 1 - GENERAL 1.3 CONTRACTOR'S SITE ESTABLISHMENT AND GENERAL OBLIGATIONS
A62: C1.3.1 | C62: The Contractor's general obligations | D62: The Contractor's general obligations | E62: The Contractor's general obligations | F62: The Contractor's general obligations | G62: The Contractor's general obligations
B63: C1.3.1.1 | C63: Fixed obligations | D63: Fixed obligations | E63: Fixed obligations | F63: Fixed obligations | G63: Fixed obligations | H63: lump sum | I63: 1 | K63: =I63*J63 -> 0
B64: C1.3.1.2 | C64: Value-related obligations | D64: Value-related obligations | E64: Value-related obligations | F64: Value-related obligations | G64: Value-related obligations | H64: lump sum | I64: 1 | K64: =I64*J64 -> 0
B65: C1.3.1.3 | C65: Time-related obligations | D65: Time-related obligations | E65: Time-related obligations | F65: Time-related obligations | G65: Time-related obligations
B66: (a) | C66: Mobilisation period | D66: Mobilisation period | E66: Mobilisation period | F66: Mobilisation period | G66: Mobilisation period | H66: month | I66: 3 | K66: =I66*J66 -> 0
B67: (b) | C67: Execution of the works | D67: Execution of the works | E67: Execution of the works | F67: Execution of the works | G67: Execution of the works | H67: month | I67: 24 | K67: =I67*J67 -> 0
B68: C1.3.1.4 | C68: Suspension Cost | D68: Suspension Cost | E68: Suspension Cost | F68: Suspension Cost | G68: Suspension Cost
B69: (a) | C69: De-establishment | D69: De-establishment | E69: De-establishment | F69: De-establishment | G69: De-establishment | H69: number | I69: 1 | K69: =I69*J69 -> 0
B70: (b) | C70: Re-establishment | D70: Re-establishment | E70: Re-establishment | F70: Re-establishment | G70: Re-establishment | H70: number | I70: 1 | K70: =I70*J70 -> 0
B71: (c) | C71: Suspension period | D71: Suspension period | E71: Suspension period | F71: Suspension period | G71: Suspension period | H71: month | I71: 3 | K71: =I71*J71 -> 0
B72: (d) | C72: Engineer's cost | D72: Engineer's cost | E72: Engineer's cost | F72: Engineer's cost | G72: Engineer's cost | H72: prime cost (PC) sum | I72: prime | J72: cost | K72: 560000
B73: (e) | C73: Handling cost, profit and all other charges in respect of item C1.3.1.4(d) | H73: percentage (%) | I73: =K72 -> 560000 | K73: =I73*J73 -> 0
A74: C1.3.2 | C74: Contract sign boards | D74: Contract sign boards | E74: Contract sign boards | F74: Contract sign boards | G74: Contract sign boards | H74: square metre (m2) | I74: 30 | K74: =I74*J74 -> 0
A79: C1.3 | C79: TOTAL CARRIED FORWARD TO SUMMARY | K79: =SUM(K62:K78) -> 560000
A80: CHAPTER 1 - GENERAL 1.4 FACILITIES FOR THE ENGINEER
A83: C1.4.1 | C83: Site accommodation | D83: Site accommodation | E83: Site accommodation | F83: Site accommodation | G83: Site accommodation
B84: C1.4.1.1 | C84: Offices and conference room | D84: Offices and conference room | E84: Offices and conference room | F84: Offices and conference room | G84: Offices and conference room | H84: square metre (m2) | I84: 176 | K84: =I84*J84 -> 0
B85: C1.4.1.2 | C85: Laboratories | D85: Laboratories | E85: Laboratories | F85: Laboratories | G85: Laboratories | H85: square metre (m2) | I85: 188 | K85: =I85*J85 -> 0
B86: C1.4.1.3 | C86: Open concrete working floors and verandas | D86: Open concrete working floors and verandas | E86: Open concrete working floors and verandas | F86: Open concrete working floors and verandas | G86: Open concrete working floors and verandas | H86: square metre (m2) | I86: 50 | K86: =I86*J86 -> 0
B87: C1.4.1.4 | C87: Roofs over open concrete working floors and verandas | D87: Roofs over open concrete working floors and verandas | E87: Roofs over open concrete working floors and verandas | F87: Roofs over open concrete working floors and verandas | G87: Roofs over open concrete working floors and verandas | H87: square metre (m2) | I87: 50 | K87: =I87*J87 -> 0
B88: C1.4.1.5 | C88: Store rooms inside the laboratory | D88: Store rooms inside the laboratory | E88: Store rooms inside the laboratory | F88: Store rooms inside the laboratory | G88: Store rooms inside the laboratory | H88: square metre (m2) | I88: 25 | K88: =I88*J88 -> 0
B89: C1.4.1.6 | C89: Car ports | D89: Car ports | E89: Car ports | F89: Car ports | G89: Car ports | H89: number (No.) | I89: 10 | K89: =I89*J89 -> 0
B90: C1.4.1.7 | C90: Ablution unit (equipped as specified) | D90: Ablution unit (equipped as specified) | E90: Ablution unit (equipped as specified) | F90: Ablution unit (equipped as specified) | G90: Ablution unit (equipped as specified) | H90: number (No.) | I90: 2 | K90: =I90*J90 -> 0
B91: C1.4.1.9 | C91: Kitchen unit (equipped as specified) | D91: Kitchen unit (equipped as specified) | E91: Kitchen unit (equipped as specified) | F91: Kitchen unit (equipped as specified) | G91: Kitchen unit (equipped as specified) | H91: number (No.) | I91: 2 | K91: =I91*J91 -> 0
B92: C1.4.1.13 | C92: Rented housing paid for by the Contractor | D92: Rented housing paid for by the Contractor | E92: Rented housing paid for by the Contractor | F92: Rented housing paid for by the Contractor | G92: Rented housing paid for by the Contractor | H92: provisional sum | I92: Prov | J92: Sum | K92: =20000*40 -> 800000
B93: C1.4.1.14 | C93: Contractor's handling costs, profit and all other charges in respect of item C1.4.1.13 | D93: Contractor's handling costs, profit and all other charges in respect of item C1.4.1.13 | E93: Contractor's handling costs, profit and all other charges in respect of item C1.4.1.13 | F93: Contractor's handling costs, profit and all other charges in respect of item C1.4.1.13 | G93: Contractor's handling costs, profit and all other charges in respect of item C1.4.1.13 | H93: percentage (%) | I93: =K92 -> 800000 | K93: =I93*J93 -> 0
A94: C1.4.2 | C94: Items measured by area | D94: Items measured by area | E94: Items measured by area | F94: Items measured by area | G94: Items measured by area
B95: C1.4.2.1 | C95: Shelving as specified, complete with brackets | D95: Shelving as specified, complete with brackets | E95: Shelving as specified, complete with brackets | F95: Shelving as specified, complete with brackets | G95: Shelving as specified, complete with brackets | H95: square metre (m2) | I95: 15 | K95: =I95*J95 -> 0
B96: C1.4.2.2 | C96: Work benches with a concrete slab top | D96: Work benches with a concrete slab top | E96: Work benches with a concrete slab top | F96: Work benches with a concrete slab top | G96: Work benches with a concrete slab top | H96: square metre (m2) | I96: 20 | K96: =I96*J96 -> 0
B97: C1.4.2.3 | C97: Work-benches with a wooden top | D97: Work-benches with a wooden top | E97: Work-benches with a wooden top | F97: Work-benches with a wooden top | G97: Work-benches with a wooden top | H97: square metre (m2) | I97: 20 | K97: =I97*J97 -> 0
B98: C1.4.2.4 | C98: Constant-temperature baths of concrete and/or plastered brick | D98: Constant-temperature baths of concrete and/or plastered brick | E98: Constant-temperature baths of concrete and/or plastered brick | F98: Constant-temperature baths of concrete and/or plastered brick | G98: Constant-temperature baths of concrete and/or plastered brick | H98: square metre (m2) | I98: 12 | K98: =I98*J98 -> 0
B99: C1.4.2.5 | C99: Concrete footings and pedestals for laboratory equipment | D99: Concrete footings and pedestals for laboratory equipment | E99: Concrete footings and pedestals for laboratory equipment | F99: Concrete footings and pedestals for laboratory equipment | G99: Concrete footings and pedestals for laboratory equipment | H99: square metre (m2) | I99: 5 | K99: =I99*J99 -> 0
B100: C1.4.2.7 | C100: Venetian blinds | D100: Venetian blinds | E100: Venetian blinds | F100: Venetian blinds | G100: Venetian blinds | H100: square metre (m2) | I100: 20 | K100: =I100*J100 -> 0
B101: C1.4.2.8 | C101: Notice boards | D101: Notice boards | E101: Notice boards | F101: Notice boards | G101: Notice boards | H101: square metre (m2) | I101: 4 | K101: =I101*J101 -> 0
B102: C1.4.2.9 | C102: White boards | D102: White boards | E102: White boards | F102: White boards | G102: White boards | H102: square metre (m2) | I102: 8 | K102: =I102*J102 -> 0
B103: C1.4.2.10 | C103: Galvanised wire mesh fencing for store rooms | D103: Galvanised wire mesh fencing for store rooms | E103: Galvanised wire mesh fencing for store rooms | F103: Galvanised wire mesh fencing for store rooms | G103: Galvanised wire mesh fencing for store rooms | H103: square metre (m2) | I103: 80 | K103: =I103*J103 -> 0
B104: C1.4.2.11 | C104: Galvanised wire mesh store room gate with a padlock | D104: Galvanised wire mesh store room gate with a padlock | E104: Galvanised wire mesh store room gate with a padlock | F104: Galvanised wire mesh store room gate with a padlock | G104: Galvanised wire mesh store room gate with a padlock | H104: square metre (m2) | I104: 4 | K104: =I104*J104 -> 0
A105: C1.4.3 | C105: Items measured by number | D105: Items measured by number | E105: Items measured by number | F105: Items measured by number | G105: Items measured by number
B106: C1.4.3.1 | C106: Office swivel chair | D106: Office swivel chair | E106: Office swivel chair | F106: Office swivel chair | G106: Office swivel chair | H106: number (No.) | I106: 18 | K106: =I106*J106 -> 0
B107: C1.4.3.2 | C107: Office chair | D107: Office chair | E107: Office chair | F107: Office chair | G107: Office chair | H107: number (No.) | I107: 18 | K107: =I107*J107 -> 0
B108: C1.4.3.3 | C108: Draughtsman's stool | D108: Draughtsman's stool | E108: Draughtsman's stool | F108: Draughtsman's stool | G108: Draughtsman's stool | H108: number (No.) | I108: 9 | K108: =I108*J108 -> 0
B109: C1.4.3.4 | C109: Laboratory high chair | D109: Laboratory high chair | E109: Laboratory high chair | F109: Laboratory high chair | G109: Laboratory high chair | H109: number (No.) | I109: 16 | K109: =I109*J109 -> 0
B110: C1.4.3.5 | C110: Office desk with 3 drawers (at least one lockable drawer) | D110: Office desk with 3 drawers (at least one lockable drawer) | E110: Office desk with 3 drawers (at least one lockable drawer) | F110: Office desk with 3 drawers (at least one lockable drawer) | G110: Office desk with 3 drawers (at least one lockable drawer) | H110: number (No.) | I110: 18 | K110: =I110*J110 -> 0
B111: C1.4.3.6 | C111: Typist desk (L-shaped) | D111: Typist desk (L-shaped) | E111: Typist desk (L-shaped) | F111: Typist desk (L-shaped) | G111: Typist desk (L-shaped) | H111: number (No.) | I111: 9 | K111: =I111*J111 -> 0
B112: C1.4.3.7 | C112: Drawing table | D112: Drawing table | E112: Drawing table | F112: Drawing table | G112: Drawing table | H112: number (No.) | I112: 9 | K112: =I112*J112 -> 0
...

Sheet C2.2 STRUCTURES
A10: SCHEDULE B: STRUCTURES

Sheet B0510
A10: STRUCTURE: B0510

Sheet SCH B - B0510
A1: CONTRACT SANRAL R.573-020-2019/5R
A2: FOR THE UPGRADING OF NATIONAL ROUTE R573 SECTION 2: WORK PACKAGE B FROM KM 36.20 TO KM 48.16
A3: SCHEDULE B: STRUCTURES (B0510)
A4: ITEM | C4: DESCRIPTION | H4: UNIT | I4: QUANTITY | J4: RATE | K4: AMOUNT
A5: CHAPTER 1 - GENERAL 1.5 ACCOMODATION OF TRAFFIC
A8: C1.5.4 | C8: Construction of temporary deviations
B10: C1.5.4 / C5.1.1 | C10: Roadbed construction and compaction:
B12: C1.5.4 / C5.1.1.1 | C12: Compaction of in-situ material to 90% of MDD | H12: (m3) | I12: 380 | K12: =ROUNDUP(IF(H12<>"",I12*J12,""),2) -> 0
B14: C1.5.4 / C5.3.2 | C14: Construction of pavement layers:
B16: (g) | C16: Gravel wearing course layer (150mm) compacted to 95% of MDD | H16: (m3) | I16: 380 | K16: =ROUNDUP(IF(H16<>"",I16*J16,""),2) -> 0
B18: (n) | C18: Gravel base layer (chemically stabilised), (150mm) compacted to 97% of MDD | H18: (m3) | I18: 380 | K18: =ROUNDUP(IF(H18<>"",I18*J18,""),2) -> 0
A20: C1.5.5 | C20: Maintenance of temporary deviations
B22: C1.5.5.9 | C22: Grading of temporary deviations and existing roads used as detours | H22: (km) | I22: 0.37 | K22: =ROUNDUP(IF(H22<>"",I22*J22,""),2) -> 0
B24: C1.5.5.10 | C24: Watering of temporary deviations and existing roads used as detours | H24: (kℓ) | I24: 10 | K24: =ROUNDUP(IF(H24<>"",I24*J24,""),2) -> 0
A26: C1.5.6 | C26: Removal of temporary deviations | H26: (km) | I26: 0.37 | K26: =ROUNDUP(IF(H26<>"",I26*J26,""),2) -> 0
A29: C1.5 | C29: TOTAL CARRIED FORWARD TO SUMMARY | K29: =SUM(K8:K28) -> 0
A30: CHAPTER 3 - DRAINAGE 3.2 CULVERTS
A33: C3.2.1 | C33: Excavation for culvert structures:
B35: C3.2.1.1 | C35: Excavating in all material situated within the following depth ranges below the surface level:
B37: (a) | C37: 0m to 1,5m | H37: m³ | I37: 810 | K37: =ROUNDUP(IF(H37<>"",I37*J37,""),2) -> 0
B39: (b) | C39: 1.5 to 3.0 m | H39: m³ | I39: 120 | K39: =ROUNDUP(IF(H39<>"",I39*J39,""),2) -> 0
A41: C3.2.2 | C41: Backfilling
B43: C3.2.2.2 | C43: Using imported selected material:
B45: (b) | C45: From sources on site (G7) | H45: m³ | I45: 165 | K45: =ROUNDUP(IF(H45<>"",I45*J45,""),2) -> 0
A47: C3.2.4 | C47: Metal and U-PVC culverts:
B49: C3.2.4.1 | C49: ARMCO corrugated metal arch culvert (Type MP68 NP 15 2.0 mm thick section) | H49: m | I49: 30 | K49: =ROUNDUP(IF(H49<>"",I49*J49,""),2) -> 0
B51: C3.2.4.2 | C51: Provision of skew or bevelled ends for metal culverts | H51: No. | I51: 10 | K51: =ROUNDUP(IF(H51<>"",I51*J51,""),2) -> 0
B53: C3.2.4.3 | C53: Anchor bolts | H53: No. | I53: 60 | K53: =ROUNDUP(IF(H53<>"",I53*J53,""),2) -> 0
A56: C3.2 | C56: TOTAL CARRIED FORWARD TO SUMMARY | K56: =SUM(K33:K55) -> 0
A57: CHAPTER 11 - ANCILLARY ROAD WORKS 11.2 NON-STRUCTURAL GABIONS
A60: C11.2.1 | C60: Foundation trench excavation:
B62: C11.2.1.1 | C62: Excavating all material situated within the following depth ranges below the surface level In all classes of material and existing gabions:
B64: (a) | C64: 0m to 1,5m | H64: m³ | I64: 45 | K64: =ROUNDUP(IF(H64<>"",I64*J64,""),2) -> 0
A66: C11.2.2 | C66: Surface preparation for bedding the gabion boxes and mattresses | H66: m2 | I66: 220 | K66: =ROUNDUP(IF(H66<>"",I66*J66,""),2) -> 0
A68: C11.2.3 | C68: Gabion boxes and mattresses:
B70: C11.2.3.1 | C70: Galvanized gabion boxes (1.0 x 1.0 x 1.0 m with 80 x 100 x 2.7 mm mesh wire) | H70: m³ | I70: 45 | K70: =ROUNDUP(IF(H70<>"",I70*J70,""),2) -> 0
B72: C11.2.3.3 | C72: Galvanized gabion mattresses (6.0 x 2.0 x 0.3 m with 80 x 100 x 2.7 mm mesh wire and diaphragms spaced at 1.0 m centres | H72: m³ | I72: 55 | K72: =ROUNDUP(IF(H72<>"",I72*J72,""),2) -> 0
A74: C11.2.4 | C74: Filter fabric (Grade 1 synthetic-fibre filter fabric) | H74: m2 | I74: 220 | K74: =ROUNDUP(IF(H74<>"",I74*J74,""),2) -> 0
A77: C11.2 | C77: TOTAL CARRIED FORWARD TO SUMMARY | K77: =SUM(K60:K76) -> 0
A78: CHAPTER 13 - STRUCTURES 13.1 FOUNDATIONS
A81: C13.1.2 | C81: Additional foundation investigations:
B83: C13.1.2.1 | C83: Provisional sum allowed for additional foundation investigations | H83: Prov Sum | I83: 1 | J83: 200000 | K83: =ROUNDUP(IF(H83<>"",I83*J83,""),2) -> 200000
B85: C13.1.2.2 | C85: Handling costs and profit in respect of item C13.1.2.1 | H85: % | I85: =K83 -> 200000 | K85: =ROUNDUP(IF(H85<>"",I85*J85,""),2) -> 0
A87: C13.1.3 | C87: Excavation:
B89: C13.1.3.1 | C89: Excavating soft material situated within the following successive depth ranges:
B91: (a) | C91: 0m up to 1,5m | H91: m3 | I91: 1000 | K91: =ROUNDUP(IF(H91<>"",I91*J91,""),2) -> 0
B93: (b) | C93: > 1,5m and < 3,0m | H93: m3 | I93: 890 | K93: =ROUNDUP(IF(H93<>"",I93*J93,""),2) -> 0
B95: (c) | C95: >3,0m and < 4,5m | H95: m3 | I95: 875 | K95: =ROUNDUP(IF(H95<>"",I95*J95,""),2) -> 0
B97: (d) | C97: >4,5m and < 6,0m | H97: m3 | I97: 850 | K97: =ROUNDUP(IF(H97<>"",I97*J97,""),2) -> 0
B99: C13.1.3.2 | C99: Extra over subitem C13.1.3.1 for excavation in hard material irrespective of depth | H99: m3 | I99: 50 | K99: =ROUNDUP(IF(H99<>"",I99*J99,""),2) -> 0
B101: C13.1.3.3 | C101: Extra over subitem C13.1.3.1 for additional excavation required by the Engineer after excavation is complete | H101: m3 | I101: 40 | K101: =ROUNDUP(IF(H101<>"",I101*J101,""),2) -> 0
A103: C13.1.6 | C103: Access and drainage:
B105: C13.1.6.1 | C105: Access | H105: lump sum | I105: 1 | K105: =ROUNDUP(IF(H105<>"",I105*J105,""),2) -> 0
B107: C13.1.6.2 | C107: Drainage | H107: lump sum | I107: 1 | K107: =ROUNDUP(IF(H107<>"",I107*J107,""),2) -> 0
A109: C13.1.7 | C109: Backfill to excavations utilising :
B111: C13.1.7.1 | C111: Material from excavation | H111: m3 | I111: 1000 | K111: =ROUNDUP(IF(H111<>"",I111*J111,""),2) -> 0
B113: C13.1.7.2 | C113: Imported material | H113: m3 | I113: 500 | K113: =ROUNDUP(IF(H113<>"",I113*J113,""),2) -> 0
A115: C13.1.9 | C115: Fill within a restricted area (extra over item C5.2.2) | H115: m3 | I115: 955 | K115: =ROUNDUP(IF(H115<>"",I115*J115,""),2) -> 0
A117: C13.1.10 | C117: Haul in excess of 1,0 km on excavated material and on material imported for backfill, foundation fill and fill for caissons | H117: m3.km | I117: 20000 | K117: =ROUNDUP(IF(H117<>"",I117*J117,""),2) -> 0
A119: C13.1.14 | C119: Foundation fill consisting of:
B121: C13.1.14.5 | C121: Concrete blinding Class C12/15-20 75mm thick | H121: m3 | I121: 75 | K121: =ROUNDUP(IF(H121<>"",I121*J121,""),2) -> 0
B123: C13.1.14.2 | C123: Crushed-stone fill | H123: m3 | I123: 950 | K123: =ROUNDUP(IF(H123<>"",I123*J123,""),2) -> 0
A126: C13.1 | C126: TOTAL CARRIED FORWARD TO SUMMARY | K126: =SUM(K81:K125) -> 200000
A127: CHAPTER 13 - STRUCTURES 13.2 FALSEWORK, FORMWORK AND CONCRETE FINISH
A130: C13.2.2 | C130: Vertical formwork to provide :
B132: (a) | C132: Class F1 surface finish to:
B134: (i) | C134: Cells & Wingwalls, cut-off walls | H134: m2 | I134: 390 | K134: =ROUNDUP(IF(H134<>"",I134*J134,""),2) -> 0
B136: (b) | C136: Class F2 surface finish to:
B138: (i) | C138: Cells , wing wall faces | H138: m² | I138: 1450 | K138: =ROUNDUP(IF(H138<>"",I138*J138,""),2) -> 0
B140: (c) | C140: Class F3 surface finish to.
B142: (i) | C142: Handrail coping and pedestrian barrier | H142: m² | I142: 160 | K142: =ROUNDUP(IF(H142<>"",I142*J142,""),2) -> 0
A144: C13.2.3 | C144: Horizontal formwork to provide :
B146: (b) | C146: Class F2 surface finish to:
B148: (i) | C148: Top slab soffit | H148: m² | I148: 560 | K148: =ROUNDUP(IF(H148<>"",I148*J148,""),2) -> 0
A150: C13.2.4 | C150: Inclined formwork to provide :
B152: (b) | C152: Class F2 surface finish to:
B154: (i) | C154: Cells | H154: m² | I154: 295 | K154: =ROUNDUP(IF(H154<>"",I154*J154,""),2) -> 0
A156: C13.2.6 | C156: Formwork to form open joints:
B158: (a) | C158: Between cells | H158: m² | I158: 30 | K158: =ROUNDUP(IF(H158<>"",I158*J158,""),2) -> 0
A161: C13.2 | C161: TOTAL CARRIED FORWARD TO SUMMARY | K161: =SUM(K130:K160) -> 0
A162: CHAPTER 13 - STRUCTURES 13.3 STEEL REINFORCEMENT
A165: C13.3.1 | C165: Steel Reinforcement for:
C167: Bridge B2150
B169: (a) | C169: Mild steel bars | H169: t | I169: 1.2 | K169: =ROUNDUP(IF(H169<>"",I169*J169,""),2) -> 0
B171: (b) | C171: High-yield-stress-steel bars, hot-rolled, 450 MPa yield stress | H171: t | I171: 129 | K171: =ROUNDUP(IF(H171<>"",I171*J171,""),2) -> 0
A173: C13.3.4 | C173: Extra-over item C13.3.1 (a), (b), etc. for galvanising of reinforcement | H173: t | I173: 3 | K173: =ROUNDUP(IF(H173<>"",I173*J173,""),2) -> 0
A176: C13.3 | C176: TOTAL CARRIED FORWARD TO SUMMARY | K176: =SUM(K165:K175) -> 0
A177: CHAPTER 13 - STRUCTURES 13.4 CONCRETE
A180: C13.4.1 | C180: Cast in situ concrete :
B182: C13.4.1.2 | C182: Durable concrete (class D):
B184: (a) | C184: Culvert cells D25/30-20-XC4 | H184: m3 | I184: 865 | K184: =ROUNDUP(IF(H184<>"",I184*J184,""),2) -> 0
B186: (b) | C186: Wingwalls, apron slabs and cut-off walls D25/30-20-XC4 | H186: m3 | I186: 135 | K186: =ROUNDUP(IF(H186<>"",I186*J186,""),2) -> 0
B188: (c) | C188: Pedestrian parapet ,sidewalk, coping D32/40-14-XC4 | H188: m3 | I188: 30 | K188: =ROUNDUP(IF(H188<>"",I188*J188,""),2) -> 0
A190: C13.4.3 | C190: Extra over item C13.4.1 for the protection of concrete from adverse environmental conditions, if required:
B192: C13.4.3.2 | C192: Durable concrete (class D):
B194: (a) | C194: Culvert cells D25/30-20-XC4 | H194: m3 | I194: 865 | K194: =ROUNDUP(IF(H194<>"",I194*J194,""),2) -> 0
B196: (b) | C196: Wingwalls, apron slabs and cut-off walls D25/30-20-XC4 | H196: m3 | I196: 135 | K196: =ROUNDUP(IF(H196<>"",I196*J196,""),2) -> 0
B198: (c) | C198: Pedestrian parapet ,sidewalk & coping D32/40-14-XC4 | H198: m3 | I198: 30 | K198: =ROUNDUP(IF(H198<>"",I198*J198,""),2) -> 0
A200: C13.4.5 | C200: Curing and surface protection of cast in situ concrete, as and where specifically required:
B202: C13.4.5.1 | C202: Culvert cells (Tenderer to specify method of curing) | H202: m² | I202: 2120 | K202: =ROUNDUP(IF(H202<>"",I202*J202,""),2) -> 0
...

Sheet C0728
A10: STRUCTURE: C0728

Sheet SCH B - C0728
A1: CONTRACT SANRAL R.573-020-2019/5R
A2: FOR THE UPGRADING OF NATIONAL ROUTE R573 SECTION 2: WORK PACKAGE B FROM KM 36.20 TO KM 48.16
A3: SCHEDULE B: STRUCTURES (C0728)
A4: CHAPTER 11 - ANCILLARY ROAD WORKS 11.1 PITCHING, STONEWORK, CAST IN SITU CONCRETE FOR PROTECTION AGAINST EROSION
A7: C11.1.2 | C7: Stone pitching
B9: C11.1.2.2 | C9: Grouted stone pitching with mortar | H9: m2 | I9: 95 | K9: =I9*J9 -> 0
A11: C11.1.3 | C11: Riprap
B13: C11.1.3.1 | C13: Packed riprap (100kg, 300mm thick) | H13: m3 | I13: 15 | K13: =I13*J13 -> 0
A16: C11.1 | C16: TOTAL CARRIED FORWARD TO SUMMARY | K16: =SUM(K7:K15) -> 0
A17: CHAPTER 11 - ANCILLARY ROAD WORKS 11.2 NON-STRUCTURAL GABIONS
A20: C11.2.2 | C20: Surface preparation for bedding the gabion boxes and mattresses | H20: m2 | I20: 25 | K20: =I20*J20 -> 0
A22: C11.2.3 | C22: Gabion boxes and mattresses:
B24: C11.2.3.1 | C24: Galvanized gabion boxes - Mesh type 80 with 3.0 mm - 0.5 x 0.5 x 1 m long | H24: m3 | I24: 15 | K24: =I24*J24 -> 0
A26: C11.2.4 | C26: Geotextile (Geotextile grade 1) | H26: m2 | I26: 115 | K26: =I26*J26 -> 0
A29: C11.2 | C29: TOTAL CARRIED FORWARD TO SUMMARY | K29: =SUM(K20:K28) -> 0
A30: CHAPTER 13 - STRUCTURES 13.1 FOUNDATIONS
A33: C13.1.3 | C33: Excavation:
B35: C13.1.3.1 | C35: Excavating soft material situated within the following successive depth ranges:
B37: (a) | C37: 0m up to 1,5m | H37: m3 | I37: 1620 | K37: =ROUNDUP(IF(H37<>"",I37*J37,""),2) -> 0
B39: C13.1.3.2 | C39: Extra over subitem C13.1.3.1 for excavation in hard material irrespective of depth | H39: m3 | I39: 150 | K39: =ROUNDUP(IF(H39<>"",I39*J39,""),2) -> 0
B41: C13.1.3.3 | C41: Extra over subitem C13.1.3.1 for additional excavation required by the Engineer after excavation is complete | H41: m3 | I41: 150 | K41: =ROUNDUP(IF(H41<>"",I41*J41,""),2) -> 0
B43: C13.1.3.4 | C43: Extra over subitem C13.1.3.1 for excavation by hand | H43: m3 | I43: 50 | K43: =ROUNDUP(IF(H43<>"",I43*J43,""),2) -> 0
A45: C13.1.7 | C45: Backfill to excavations utilising :
B47: C13.1.7.2 | C47: Imported material | H47: m3 | I47: 525 | K47: =ROUNDUP(IF(H47<>"",I47*J47,""),2) -> 0
A49: C13.1.9 | C49: Fill within a restricted area (extra over item C5.2.2) | H49: m3 | I49: 1200 | K49: =ROUNDUP(IF(H49<>"",I49*J49,""),2) -> 0
A51: C13.1.10 | C51: Haul in excess of 1,0 km on excavated material and on material imported for backfill, foundation fill and fill for caissons | H51: m3.km | I51: 12000 | K51: =ROUNDUP(IF(H51<>"",I51*J51,""),2) -> 0
A53: C13.1.14 | C53: Foundation fill consisting of:
B55: C13.1.14.5 | C55: Concrete blinding Class C12/15-20 75mm thick | H55: m3 | I55: 55 | K55: =ROUNDUP(IF(H55<>"",I55*J55,""),2) -> 0
A57: C13.1.23 | C57: Lateral support for excavations:
B59: C13.1.23.1 | C59: Excavation at road centreline
B61: (a) | C61: 0 to 2.5m depth | H61: m2 | I61: 50 | K61: =ROUNDUP(IF(H61<>"",I61*J61,""),2) -> 0
B63: (b) | C63: 2.5 to 5m depth | H63: m2 | I63: 50 | K63: =ROUNDUP(IF(H63<>"",I63*J63,""),2) -> 0
B65: (c) | C65: 5 to 7.5m depth | H65: m2 | I65: 20 | K65: =ROUNDUP(IF(H65<>"",I65*J65,""),2) -> 0
A68: C13.1 | C68: TOTAL CARRIED FORWARD TO SUMMARY | K68: =SUM(K33:K67) -> 0
A69: CHAPTER 13 - STRUCTURES 13.2 FALSEWORK, FORMWORK AND CONCRETE FINISH
A72: C13.2.2 | C72: Vertical formwork to provide :
B74: (a) | C74: Class F1 surface finish to:
B76: (i) | C76: Culvert cells wingwalls and cut-off wall | H76: m2 | I76: 380 | K76: =ROUNDUP(IF(H76<>"",I76*J76,""),2) -> 0
B78: (b) | C78: Class F2 surface finish to:
B80: (i) | C80: Culvert cells and wingwalls | H80: m² | I80: 1080 | K80: =ROUNDUP(IF(H80<>"",I80*J80,""),2) -> 0
A82: C13.2.3 | C82: Horizontal formwork to provide :
B84: (b) | C84: Class F2 surface finish to:
B86: (i) | C86: Culvert top slab | H86: m² | I86: 420 | K86: =ROUNDUP(IF(H86<>"",I86*J86,""),2) -> 0
A89: C13.2 | C89: TOTAL CARRIED FORWARD TO SUMMARY | K89: =SUM(K72:K88) -> 0
A90: CHAPTER 13 - STRUCTURES 13.3 STEEL REINFORCEMENT
A93: C13.3.1 | C93: Reinforcement for:
B95: (a) | C95: Structure C0728
B97: (i) | C97: Mild steel bars | H97: t | I97: 0.5 | K97: =ROUNDUP(IF(H97<>"",I97*J97,""),2) -> 0
B99: (ii) | C99: High-yield-stress-steel bars, hot-rolled, 450 MPa yield stress | H99: t | I99: 16 | K99: =ROUNDUP(IF(H99<>"",I99*J99,""),2) -> 0
B101: (c) | C101: Welded steel fabric
B103: (i) | C103: Ref 395 Mesh | H103: kg | I103: 115 | K103: =I103*J103 -> 0
B105: (ii) | C105: Ref 245 Mesh | H105: kg | I105: 640 | K105: =I105*J105 -> 0
B107: (ii) | C107: Ref 617 Mesh | H107: kg | I107: 325 | K107: =I107*J107 -> 0
A109: C13.3.4 | C109: Extra-over item C13.3.1 (a) for galvanising of reinforcement | H109: t | I109: 0.6 | K109: =I109*J109 -> 0
A113: C13.3 | C113: TOTAL CARRIED FORWARD TO SUMMARY | K113: =SUM(K93:K112) -> 0
A114: CHAPTER 13 - STRUCTURES 13.4 CONCRETE
A117: C13.4.1 | C117: Cast in situ concrete :
B119: C13.4.1.2 | C119: Durable concrete (class D):
B121: (a) | C121: Culvert D25/30-XC4-20 | H121: m3 | I121: 465 | K121: =ROUNDUP(IF(H121<>"",I121*J121,""),2) -> 0
B123: (b) | C123: Wingwalls and apron slab D25/30-XC4-20 | H123: m3 | I123: 50 | K123: =ROUNDUP(IF(H123<>"",I123*J123,""),2) -> 0
A125: C13.4.3 | C125: Extra over item C13.4.1 for the protection of concrete from adverse environmental conditions, if required:
B127: C13.4.3.2 | C127: Durable concrete (class D):
B129: (a) | C129: Culvert D25/30-XC4-20 | H129: m3 | I129: 465 | K129: =ROUNDUP(IF(H129<>"",I129*J129,""),2) -> 0
B131: (b) | C131: Wingwalls and apron slab D25/30-XC4-20 | H131: m3 | I131: 50 | K131: =ROUNDUP(IF(H131<>"",I131*J131,""),2) -> 0
A133: C13.4.5 | C133: Curing and surface protection of cast in situ concrete, as and where specifically required:
B135: C13.4.5.1 | C135: Culvert cell walls, apron slabs, top and bottom slabs (Tenderer to specify method of curing) | H135: m² | I135: 2250 | K135: =ROUNDUP(IF(H135<>"",I135*J135,""),2) -> 0
C137: ……………………………………………………………............
B139: C13.4.5.2 | C139: Wingwalls (Tenderer to specify method of curing) | H139: m² | I139: 100 | K139: =ROUNDUP(IF(H139<>"",I139*J139,""),2) -> 0
C141: ……………………………………………………………............
A143: C13.4.9 | C143: Manufacturing precast concrete members (Pedestrian parapet/Precast mounting block for structure number approximate mass 0.5 ton) | H143: No | I143: 2 | K143: =ROUNDUP(IF(H143<>"",I143*J143,""),2) -> 0
A145: C13.4.11 | C145: Transporting and erecting precast concrete members (Pedestrian parapet approximate mass 2.5 ton) | H145: No | I145: 2 | K145: =ROUNDUP(IF(H145<>"",I145*J145,""),2) -> 0
A149: C13.4 | C149: TOTAL CARRIED FORWARD TO SUMMARY | K149: =SUM(K117:K148) -> 0
A150: CHAPTER 13 - STRUCTURES 13.6 BEARINGS
A153: C13.6.1 | C153: Bearings strips:
B155: (a) | C155: 2 layers 3-ply roofing felt see DWG 60487450-11-1-S-DA-403 | H155: m² | I155: 25 | K155: =ROUNDUP(IF(H155<>"",I155*J155,""),2) -> 0
A157: C13.6.4 | C157: Dowels
B159: (a) | C159: R20 mm dia. bar, 600 mm long | H159: No | I159: 189 | K159: =ROUNDUP(IF(H159<>"",I159*J159,""),2) -> 0
B161: (b) | C161: Y16 hot dip galvanized bars 900mm long at 300 c/c | H161: No | I161: 100 | K161: =ROUNDUP(IF(H161<>"",I161*J161,""),2) -> 0
B163: (b) | C163: Y16 hot dip galvanized bars 1500mm long at 500 c/c | H163: No | I163: 30 | K163: =ROUNDUP(IF(H163<>"",I163*J163,""),2) -> 0
A167: C13.6 | C167: TOTAL CARRIED FORWARD TO SUMMARY | K167: =SUM(K153:K166) -> 0
A168: CHAPTER 13 - STRUCTURES 13.7 JOINTS
A171: C13.7.2 | C171: Filled joints:
B173: C13.7.2.1 | C173: Depth greater than 150 mm:
B175: (a) | C175: 20 mm joint filler between culvert walls (closed cell expanted polyethylene joint filler) | H175: m² | I175: 65 | K175: =ROUNDUP(IF(H175<>"",I175*J175,""),2) -> 0
B177: (b) | C177: 20 mm joint filler between culvert walls (Bitumen-impregnated fibreboard and bitumen) as per COTO A13.7.5.1 | H177: m² | I177: 65 | K177: =ROUNDUP(IF(H177<>"",I177*J177,""),2) -> 0
A179: C13.7.4 | C179: Sealing joints with:
B181: C13.7.4.1 | C181: Sealant
B183: (a)(i) | C183: 20 x 20 mm silicone-based highway sealant (see COTO A13.7.5.1C) between culvert units | H183: m | I183: 85 | K183: =ROUNDUP(IF(H183<>"",I183*J183,""),2) -> 0
B185: (a)(i) | C185: 40 mm deep polysulphide joint sealnt (Between cell wall and wingwall) | H185: m | I185: 85 | K185: =ROUNDUP(IF(H185<>"",I185*J185,""),2) -> 0
A187: P13.7.11 | C187: Covering culvert joints with:
B189: (a) | C189: 200mm wide heat resistant waterproofing membrane | H189: m | I189: 115 | K189: =ROUNDUP(IF(H189<>"",I189*J189,""),2) -> 0
A192: C13.7 | C192: TOTAL CARRIED FORWARD TO SUMMARY | K192: =SUM(K171:K191) -> 0
A193: CHAPTER 13 - STRUCTURES 13.8 ANCILLARY STRUCTURAL ELEMENTS
A196: C13.8.7 | C196: Numbers for structures:
B198: C13.8.7.3 | C198: Numbers formed in concrete | H198: No | I198: 4 | K198: =ROUNDUP(IF(H198<>"",I198*J198,""),2) -> 0
A200: C13.8.10 | C200: Drainage pipes and weep holes:
B202: C13.8.10.2 | C202: Weep holes:
B204: (b) | C204: 50 mm dia. heavy duty uPVC pipe | H204: No | I204: 60 | K204: =ROUNDUP(IF(H204<>"",I204*J204,""),2) -> 0
A206: C13.8.12 | C206: Synthetic-fibre filter fabric
B208: (a) | C208: Grade 3 | H208: m² | I208: 35 | K208: =ROUNDUP(IF(H208<>"",I208*J208,""),2) -> 0
...

Sheet C0707
A10: STRUCTURE: C0707

Sheet SCH B - C0707
A1: CONTRACT SANRAL R.573-020-2019/5R
A2: FOR THE UPGRADING OF NATIONAL ROUTE R573 SECTION 2: WORK PACKAGE B FROM KM 36.20 TO KM 48.16
A3: SCHEDULE B: STRUCTURES (C0707)
A4: CHAPTER 11 - ANCILLARY ROAD WORKS 11.1 PITCHING, STONEWORK, CAST IN SITU CONCRETE FOR PROTECTION AGAINST EROSION
A7: C11.1.2 | C7: Stone pitching
B9: C11.1.2.2 | C9: Grouted stone pitching with mortar | H9: m2 | I9: 95 | K9: =I9*J9 -> 0
A11: C11.1.3 | C11: Riprap
B13: C11.1.3.1 | C13: Packed riprap (100kg, 300mm thick) | H13: m3 | I13: 15 | K13: =I13*J13 -> 0
B15: C11.1.3.1 | C15: Packed riprap (100kg, 800mm thick) | H15: m3 | I15: 250 | K15: =I15*J15 -> 0
A18: C11.1 | C18: TOTAL CARRIED FORWARD TO SUMMARY | K18: =SUM(K7:K17) -> 0
A19: CHAPTER 11 - ANCILLARY ROAD WORKS 11.2 NON-STRUCTURAL GABIONS
A22: C11.2.2 | C22: Surface preparation for bedding the gabion boxes and mattresses | H22: m2 | I22: 20 | K22: =I22*J22 -> 0
A24: C11.2.3 | C24: Gabion boxes and mattresses:
B26: C11.2.3.1 | C26: Galvanized gabion boxes - Mesh type 80 with 3.0 mm - 0.5 x 0.5 x 1 m long | H26: m3 | I26: 10 | K26: =I26*J26 -> 0
A28: C11.2.4 | C28: Geotextile (Geotextile grade 1) | H28: m2 | I28: 115 | K28: =I28*J28 -> 0
A32: C11.2 | C32: TOTAL CARRIED FORWARD TO SUMMARY | K32: =SUM(K22:K31) -> 0
A33: CHAPTER 13 - STRUCTURES 13.1 FOUNDATIONS
A36: C13.1.3 | C36: Excavation:
B38: C13.1.3.1 | C38: Excavating soft material situated within the following successive depth ranges:
B40: (a) | C40: 0m up to 1,5m | H40: m3 | I40: 850 | K40: =ROUNDUP(IF(H40<>"",I40*J40,""),2) -> 0
B42: (b) | C42: > 1,5m and < 3,0m | H42: m3 | I42: 350 | K42: =ROUNDUP(IF(H42<>"",I42*J42,""),2) -> 0
B44: C13.1.3.3 | C44: Extra over subitem C13.1.3.1 for additional excavation required by the Engineer after excavation is complete | H44: m3 | I44: 50 | K44: =ROUNDUP(IF(H44<>"",I44*J44,""),2) -> 0
B46: C13.1.3.4 | C46: Extra over subitem C13.1.3.1 for excavation by hand | H46: m3 | I46: 50 | K46: =ROUNDUP(IF(H46<>"",I46*J46,""),2) -> 0
A48: C13.1.7 | C48: Backfill to excavations utilising :
B50: C13.1.7.2 | C50: Imported material | H50: m3 | I50: 210 | K50: =ROUNDUP(IF(H50<>"",I50*J50,""),2) -> 0
A52: C13.1.9 | C52: Fill within a restricted area (extra over item C5.2.2) | H52: m3 | I52: 700 | K52: =ROUNDUP(IF(H52<>"",I52*J52,""),2) -> 0
A54: C13.1.10 | C54: Haul in excess of 1,0 km on excavated material and on material imported for backfill, foundation fill and fill for caissons | H54: m3.km | I54: 7100 | K54: =ROUNDUP(IF(H54<>"",I54*J54,""),2) -> 0
A56: C13.1.14 | C56: Foundation fill consisting of:
B58: C13.1.14.2 | C58: Crushed-stone fill | H58: m3 | I58: 1500 | K58: =ROUNDUP(IF(H58<>"",I58*J58,""),2) -> 0
B60: C13.1.14.5 | C60: Concrete blinding Class C12/15-20 75mm thick | H60: m3 | I60: 50 | K60: =ROUNDUP(IF(H60<>"",I60*J60,""),2) -> 0
A62: C13.1.23 | C62: Lateral support for excavations:
B64: C13.1.23.1 | C64: Excavation at road centreline
B66: (a) | C66: 0 to 2.5m depth | H66: m2 | I66: 50 | K66: =ROUNDUP(IF(H66<>"",I66*J66,""),2) -> 0
B68: (b) | C68: 2.5 to 5m depth | H68: m2 | I68: 35 | K68: =ROUNDUP(IF(H68<>"",I68*J68,""),2) -> 0
A71: C13.1 | C71: TOTAL CARRIED FORWARD TO SUMMARY | K71: =SUM(K36:K70) -> 0
A72: CHAPTER 13 - STRUCTURES 13.2 FALSEWORK, FORMWORK AND CONCRETE FINISH
A75: C13.2.2 | C75: Vertical formwork to provide :
B77: (a) | C77: Class F1 surface finish to:
B79: (i) | C79: Culvert cells wingwalls and cut-off wall | H79: m2 | I79: 265 | K79: =ROUNDUP(IF(H79<>"",I79*J79,""),2) -> 0
B81: (b) | C81: Class F2 surface finish to:
B83: (i) | C83: Culvert cells and wingwalls | H83: m² | I83: 750 | K83: =ROUNDUP(IF(H83<>"",I83*J83,""),2) -> 0
A85: C13.2.3 | C85: Horizontal formwork to provide :
B87: (b) | C87: Class F2 surface finish to:
B89: (i) | C89: Culvert top slab | H89: m² | I89: 475 | K89: =ROUNDUP(IF(H89<>"",I89*J89,""),2) -> 0
A92: C13.2 | C92: TOTAL CARRIED FORWARD TO SUMMARY | K92: =SUM(K75:K91) -> 0
A93: CHAPTER 13 - STRUCTURES 13.3 STEEL REINFORCEMENT
A96: C13.3.1 | C96: Reinforcement for:
B98: (a) | C98: Structure
B100: (i) | C100: Mild steel bars | H100: t | I100: 0.7 | K100: =ROUNDUP(IF(H100<>"",I100*J100,""),2) -> 0
B102: (ii) | C102: High-yield-stress-steel bars, hot-rolled, 450 MPa yield stress | H102: t | I102: 46 | K102: =ROUNDUP(IF(H102<>"",I102*J102,""),2) -> 0
B104: (c) | C104: Welded steel fabric
B106: (i) | C106: Ref 395 Mesh | H106: kg | I106: 115 | K106: =I106*J106 -> 0
B108: (ii) | C108: Ref 245 Mesh | H108: kg | I108: 640 | K108: =I108*J108 -> 0
B110: (ii) | C110: Ref 617 Mesh | H110: kg | I110: 325 | K110: =I110*J110 -> 0
A112: C13.3.4 | C112: Extra-over item C13.3.1 (a) for galvanising of reinforcement | H112: t | I112: 0.7 | K112: =I112*J112 -> 0
A115: C13.3 | C115: TOTAL CARRIED FORWARD TO SUMMARY | K115: =SUM(K96:K114) -> 0
A116: CHAPTER 13 - STRUCTURES 13.4 CONCRETE
A119: C13.4.1 | C119: Cast in situ concrete :
B121: C13.4.1.2 | C121: Durable concrete (class D):
B123: (a) | C123: Culvert D25/30-XC4-20 | H123: m3 | I123: 570 | K123: =ROUNDUP(IF(H123<>"",I123*J123,""),2) -> 0
B125: (b) | C125: Wingwalls and apron slab D25/30-XC4-20 | H125: m3 | I125: 35 | K125: =ROUNDUP(IF(H125<>"",I125*J125,""),2) -> 0
A127: C13.4.3 | C127: Extra over item C13.4.1 for the protection of concrete from adverse environmental conditions, if required:
B129: C13.4.3.2 | C129: Durable concrete (class D):
B131: (a) | C131: Culvert D25/30-XC4-20 | H131: m3 | I131: 570 | K131: =ROUNDUP(IF(H131<>"",I131*J131,""),2) -> 0
B133: (b) | C133: Wingwalls and apron slab D25/30-XC4-20 | H133: m3 | I133: 35 | K133: =ROUNDUP(IF(H133<>"",I133*J133,""),2) -> 0
A135: C13.4.5 | C135: Curing and surface protection of cast in situ concrete, as and where specifically required:
B137: C13.4.5.1 | C137: Culvert cell walls, apron slabs, top and bottom slabs (Tenderer to specify method of curing) | H137: m² | I137: 1400 | K137: =ROUNDUP(IF(H137<>"",I137*J137,""),2) -> 0
C139: ……………………………………………………………............
B141: C13.4.5.2 | C141: Wingwalls (Tenderer to specify method of curing) | H141: m² | I141: 620 | K141: =ROUNDUP(IF(H141<>"",I141*J141,""),2) -> 0
C143: ……………………………………………………………............
A145: C13.4.9 | C145: Manufacturing precast concrete members (Pedestrian parapet/Precast mounting block for structure number approximate mass 0.5 ton) | H145: No | I145: 2 | K145: =ROUNDUP(IF(H145<>"",I145*J145,""),2) -> 0
A147: C13.4.11 | C147: Transporting and erecting precast concrete members (Pedestrian parapet approximate mass 2.5 ton) | H147: No | I147: 2 | K147: =ROUNDUP(IF(H147<>"",I147*J147,""),2) -> 0
A151: C13.4 | C151: TOTAL CARRIED FORWARD TO SUMMARY | K151: =SUM(K119:K150) -> 0
A152: CHAPTER 13 - STRUCTURES 13.6 BEARINGS
A155: C13.6.1 | C155: Bearings strips:
B157: (a) | C157: 2 layers 3-ply roofing felt see DWG 60487450-11-1-S-DA-503 | H157: m² | I157: 35 | K157: =ROUNDUP(IF(H157<>"",I157*J157,""),2) -> 0
A159: C13.6.4 | C159: Dowels
B161: (a) | C161: R20 mm dia. bar, 1000 mm long | H161: No | I161: 270 | K161: =ROUNDUP(IF(H161<>"",I161*J161,""),2) -> 0
B163: (b) | C163: Y16 hot dip galvanized bars 900mm long at 300 c/c | H163: No | I163: 100 | K163: =ROUNDUP(IF(H163<>"",I163*J163,""),2) -> 0
B165: (b) | C165: Y16 hot dip galvanized bars 1500mm long at 500 c/c | H165: No | I165: 30 | K165: =ROUNDUP(IF(H165<>"",I165*J165,""),2) -> 0
A169: C13.6 | C169: TOTAL CARRIED FORWARD TO SUMMARY | K169: =SUM(K155:K168) -> 0
A170: CHAPTER 13 - STRUCTURES 13.7 JOINTS
A173: C13.7.2 | C173: Filled joints:
B175: C13.7.2.1 | C175: Depth greater than 150 mm:
B177: (a) | C177: 20 mm joint filler between culvert walls (closed cell expanted polyethylene joint filler) | H177: m² | I177: 95 | K177: =ROUNDUP(IF(H177<>"",I177*J177,""),2) -> 0
B179: (b) | C179: 20 mm joint filler between culvert walls (Bitumen-impregnated fibreboard and bitumen) as per COTO A13.7.5.1 | H179: m² | I179: 95 | K179: =ROUNDUP(IF(H179<>"",I179*J179,""),2) -> 0
A181: C13.7.4 | C181: Sealing joints with:
B183: C13.7.4.1 | C183: Sealant
B185: (a)(i) | C185: 20 x 20 mm silicone-based highway sealant (see COTO A13.7.5.1C) between culvert units | H185: m | I185: 140 | K185: =ROUNDUP(IF(H185<>"",I185*J185,""),2) -> 0
B187: (a)(i) | C187: 40 mm deep polysulphide joint sealnt (Between cell wall and wingwall) | H187: m | I187: 15 | K187: =ROUNDUP(IF(H187<>"",I187*J187,""),2) -> 0
A189: P13.7.11 | C189: Covering culvert joints with:
B191: (a) | C191: 200mm wide heat resistant waterproofing membrane | H191: m | I191: 150 | K191: =ROUNDUP(IF(H191<>"",I191*J191,""),2) -> 0
A194: C13.7 | C194: TOTAL CARRIED FORWARD TO SUMMARY | K194: =SUM(K173:K193) -> 0
A195: CHAPTER 13 - STRUCTURES 13.8 ANCILLARY STRUCTURAL ELEMENTS
A198: C13.8.7 | C198: Numbers for structures:
B200: C13.8.7.3 | C200: Numbers formed in concrete | H200: No | I200: 4 | K200: =ROUNDUP(IF(H200<>"",I200*J200,""),2) -> 0
A202: C13.8.10 | C202: Drainage pipes and weep holes:
B204: C13.8.10.2 | C204: Weep holes:
B206: (b) | C206: 50 mm dia. heavy duty uPVC pipe | H206: No | I206: 50 | K206: =ROUNDUP(IF(H206<>"",I206*J206,""),2) -> 0
A208: C13.8.12 | C208: Synthetic-fibre filter fabric
...

Sheet C0708
A10: STRUCTURE: C0708

Sheet SCH B - C0708
A1: CONTRACT SANRAL R.573-020-2019/5R
A2: FOR THE UPGRADING OF NATIONAL ROUTE R573 SECTION 2: WORK PACKAGE B FROM KM 36.20 TO KM 48.16
A3: SCHEDULE B: STRUCTURES (C0708)
A4: ITEM | C4: DESCRIPTION | H4: UNIT | I4: QUANTITY | J4: RATE | K4: AMOUNT
A5: CHAPTER 11 - ANCILLARY ROAD WORKS 11.1 PITCHING, STONEWORK, CAST IN SITU CONCRETE FOR PROTECTION AGAINST EROSION
A8: C11.1.2 | C8: Stone pitching
B10: C11.1.2.2 | C10: Grouted stone pitching with mortar | H10: m2 | I10: 45 | K10: =I10*J10 -> 0
A12: C11.1.3 | C12: Riprap
B14: C11.1.3.1 | C14: Packed riprap (100kg, 300mm thick) | H14: m3 | I14: 100 | K14: =I14*J14 -> 0
A17: C11.1 | C17: TOTAL CARRIED FORWARD TO SUMMARY | K17: =SUM(K7:K16) -> 0
A18: CHAPTER 11 - ANCILLARY ROAD WORKS 11.2 NON-STRUCTURAL GABIONS
A21: C11.2.2 | C21: Surface preparation for bedding the gabion boxes and mattresses | H21: m2 | I21: 20 | K21: =I21*J21 -> 0
A23: C11.2.3 | C23: Gabion boxes and mattresses:
B24: C11.2.3.1
B25: (a) | C25: Galvanized gabion boxes - Mesh type 80 with 3.0 mm - 0.5 x 0.5 x 1 m long | H25: m3 | I25: 10 | K25: =I25*J25 -> 0
B27: (b) | C27: Galvanized gabion boxes - Mesh type 80 with 3.0 mm - 1 x 1 x 1 m long | H27: m3 | I27: 150 | K27: =I27*J27 -> 0
A29: C11.2.4 | C29: Geotextile (Geotextile grade 1) | H29: m2 | I29: 60 | K29: =I29*J29 -> 0
A32: C11.2 | C32: TOTAL CARRIED FORWARD TO SUMMARY | K32: =SUM(K21:K31) -> 0
A33: CHAPTER 13 - STRUCTURES 13.1 FOUNDATIONS
A36: C13.1.3 | C36: Excavation:
B38: C13.1.3.1 | C38: Excavating soft material situated within the following successive depth ranges:
B40: (a) | C40: 0m up to 1,5m | H40: m3 | I40: 450 | K40: =ROUNDUP(IF(H40<>"",I40*J40,""),2) -> 0
B42: (b) | C42: > 1,5m and < 3,0m | H42: m3 | I42: 180 | K42: =ROUNDUP(IF(H42<>"",I42*J42,""),2) -> 0
B44: C13.1.3.2 | C44: Extra over subitem C13.1.3.1 for excavation in hard material irrespective of depth | H44: m3 | I44: 150 | K44: =ROUNDUP(IF(H44<>"",I44*J44,""),2) -> 0
B46: C13.1.3.3 | C46: Extra over subitem C13.1.3.1 for additional excavation required by the Engineer after excavation is complete | H46: m3 | I46: 50 | K46: =ROUNDUP(IF(H46<>"",I46*J46,""),2) -> 0
A48: C13.1.7 | C48: Backfill to excavations utilising :
B50: C13.1.7.2 | C50: Imported material | H50: m3 | I50: 160 | K50: =ROUNDUP(IF(H50<>"",I50*J50,""),2) -> 0
A52: C13.1.9 | C52: Fill within a restricted area (extra over item C5.2.2) | H52: m3 | I52: 505 | K52: =ROUNDUP(IF(H52<>"",I52*J52,""),2) -> 0
A54: C13.1.10 | C54: Haul in excess of 1,0 km on excavated material and on material imported for backfill, foundation fill and fill for caissons | H54: m3.km | I54: 4800 | K54: =ROUNDUP(IF(H54<>"",I54*J54,""),2) -> 0
A56: C13.1.14 | C56: Foundation fill consisting of:
B58: C13.1.14.2 | C58: Crushed-stone fill | H58: m3 | I58: 1250 | K58: =ROUNDUP(IF(H58<>"",I58*J58,""),2) -> 0
B60: C13.1.14.5 | C60: Concrete blinding Class C12/15-20 75mm thick | H60: m3 | I60: 25 | K60: =ROUNDUP(IF(H60<>"",I60*J60,""),2) -> 0
A62: C13.1.23 | C62: Lateral support for excavations:
B64: C13.1.23.1 | C64: Excavation at road centreline
B66: (a) | C66: 0 to 2.5m depth | H66: m2 | I66: 40 | K66: =ROUNDUP(IF(H66<>"",I66*J66,""),2) -> 0
B68: (b) | C68: 2.5 to 5m depth | H68: m2 | I68: 25 | K68: =ROUNDUP(IF(H68<>"",I68*J68,""),2) -> 0
A71: C13.1 | C71: TOTAL CARRIED FORWARD TO SUMMARY | K71: =SUM(K36:K70) -> 0
A72: CHAPTER 13 - STRUCTURES 13.2 FALSEWORK, FORMWORK AND CONCRETE FINISH
A75: C13.2.2 | C75: Vertical formwork to provide :
B77: (a) | C77: Class F1 surface finish to:
B79: (i) | C79: Culvert cells wingwalls and cut-off wall | H79: m2 | I79: 210 | K79: =ROUNDUP(IF(H79<>"",I79*J79,""),2) -> 0
B81: (b) | C81: Class F2 surface finish to:
B83: (i) | C83: Culvert cells and wingwalls | H83: m² | I83: 600 | K83: =ROUNDUP(IF(H83<>"",I83*J83,""),2) -> 0
A85: C13.2.3 | C85: Horizontal formwork to provide :
B87: (b) | C87: Class F2 surface finish to:
B89: (i) | C89: Culvert top slab | H89: m² | I89: 175 | K89: =ROUNDUP(IF(H89<>"",I89*J89,""),2) -> 0
A92: C13.2 | C92: TOTAL CARRIED FORWARD TO SUMMARY | K92: =SUM(K75:K91) -> 0
A93: CHAPTER 13 - STRUCTURES 13.3 STEEL REINFORCEMENT
A96: C13.3.1 | C96: Reinforcement for:
B98: (a) | C98: Structure
B100: (i) | C100: Mild steel bars | H100: t | I100: 0.3 | K100: =ROUNDUP(IF(H100<>"",I100*J100,""),2) -> 0
B102: (ii) | C102: High-yield-stress-steel bars, hot-rolled, 450 MPa yield stress | H102: t | I102: 25 | K102: =ROUNDUP(IF(H102<>"",I102*J102,""),2) -> 0
B104: (c) | C104: Welded steel fabric
B106: (i) | C106: Ref 395 Mesh | H106: kg | I106: 115 | K106: =I106*J106 -> 0
B108: (ii) | C108: Ref 245 Mesh | H108: kg | I108: 640 | K108: =I108*J108 -> 0
B110: (ii) | C110: Ref 617 Mesh | H110: kg | I110: 325 | K110: =I110*J110 -> 0
A112: C13.3.4 | C112: Extra-over item C13.3.1 (a) for galvanising of reinforcement | H112: t | I112: 0.3 | K112: =I112*J112 -> 0
A115: C13.3 | C115: TOTAL CARRIED FORWARD TO SUMMARY | K115: =SUM(K96:K114) -> 0
A116: CHAPTER 13 - STRUCTURES 13.4 CONCRETE
A119: C13.4.1 | C119: Cast in situ concrete :
B121: C13.4.1.2 | C121: Durable concrete (class D):
B123: (a) | C123: Culvert D25/30-XC4-20 | H123: m3 | I123: 225 | K123: =ROUNDUP(IF(H123<>"",I123*J123,""),2) -> 0
B125: (b) | C125: Wingwalls and apron slab D25/30-XC4-20 | H125: m3 | I125: 28 | K125: =ROUNDUP(IF(H125<>"",I125*J125,""),2) -> 0
A127: C13.4.3 | C127: Extra over item C13.4.1 for the protection of concrete from adverse environmental conditions, if required:
B129: C13.4.3.2 | C129: Durable concrete (class D):
B131: (a) | C131: Culvert D25/30-XC4-20 | H131: m3 | I131: 225 | K131: =ROUNDUP(IF(H131<>"",I131*J131,""),2) -> 0
B133: (b) | C133: Wingwalls and apron slab D25/30-XC4-20 | H133: m3 | I133: 28 | K133: =ROUNDUP(IF(H133<>"",I133*J133,""),2) -> 0
A135: C13.4.5 | C135: Curing and surface protection of cast in situ concrete, as and where specifically required:
B137: C13.4.5.1 | C137: Culvert cell walls, apron slabs, top and bottom slabs (Tenderer to specify method of curing) | H137: m² | I137: 800 | K137: =ROUNDUP(IF(H137<>"",I137*J137,""),2) -> 0
C139: ……………………………………………………………............
B141: C13.4.5.2 | C141: Wingwalls (Tenderer to specify method of curing) | H141: m² | I141: 500 | K141: =ROUNDUP(IF(H141<>"",I141*J141,""),2) -> 0
C143: ……………………………………………………………............
A145: C13.4.9 | C145: Manufacturing precast concrete members (Pedestrian parapet/Precast mounting block for structure number approximate mass 0.5 ton) | H145: No | I145: 2 | K145: =ROUNDUP(IF(H145<>"",I145*J145,""),2) -> 0
A147: C13.4.11 | C147: Transporting and erecting precast concrete members (Pedestrian parapet approximate mass 2.5 ton) | H147: No | I147: 2 | K147: =ROUNDUP(IF(H147<>"",I147*J147,""),2) -> 0
A150: C13.4 | C150: TOTAL CARRIED FORWARD TO SUMMARY | K150: =SUM(K119:K149) -> 0
A151: CHAPTER 13 - STRUCTURES 13.6 BEARINGS
A154: C13.6.1 | C154: Bearings strips:
B156: (a) | C156: 2 layers 3-ply roofing felt see DWG 60487450-11-1-S-DA-503 | H156: m² | I156: 35 | K156: =ROUNDUP(IF(H156<>"",I156*J156,""),2) -> 0
A158: C13.6.4 | C158: Dowels
B160: (a) | C160: R20 mm dia. bar, 1000 mm long | H160: No | I160: 165 | K160: =ROUNDUP(IF(H160<>"",I160*J160,""),2) -> 0
B162: (b) | C162: Y12 hot dip galvanized bars 1000mm long at 300 c/c | H162: No | I162: 25 | K162: =ROUNDUP(IF(H162<>"",I162*J162,""),2) -> 0
A165: C13.6 | C165: TOTAL CARRIED FORWARD TO SUMMARY | K165: =SUM(K154:K164) -> 0
A166: CHAPTER 13 - STRUCTURES 13.7 JOINTS
A169: C13.7.2 | C169: Filled joints:
B171: C13.7.2.1 | C171: Depth greater than 150 mm:
B173: (a) | C173: 20 mm joint filler between culvert walls (closed cell expanted polyethylene joint filler) | H173: m² | I173: 45 | K173: =ROUNDUP(IF(H173<>"",I173*J173,""),2) -> 0
B175: (b) | C175: 20 mm joint filler between culvert walls (Bitumen-impregnated fibreboard and bitumen) as per COTO A13.7.5.1 | H175: m² | I175: 45 | K175: =ROUNDUP(IF(H175<>"",I175*J175,""),2) -> 0
A177: C13.7.4 | C177: Sealing joints with:
B179: C13.7.4.1 | C179: Sealant
B181: (a)(i) | C181: 20 x 20 mm silicone-based highway sealant (see COTO A13.7.5.1C) between culvert units | H181: m | I181: 85 | K181: =ROUNDUP(IF(H181<>"",I181*J181,""),2) -> 0
B183: (a)(i) | C183: 40 mm deep polysulphide joint sealnt (Between cell wall and wingwall) | H183: m | I183: 15 | K183: =ROUNDUP(IF(H183<>"",I183*J183,""),2) -> 0
A185: P13.7.11 | C185: Covering culvert joints with:
B187: (a) | C187: 200mm wide heat resistant waterproofing membrane | H187: m | I187: 150 | K187: =ROUNDUP(IF(H187<>"",I187*J187,""),2) -> 0
A190: C13.7 | C190: TOTAL CARRIED FORWARD TO SUMMARY | K190: =SUM(K169:K189) -> 0
A191: CHAPTER 13 - STRUCTURES 13.8 ANCILLARY STRUCTURAL ELEMENTS
A194: C13.8.7 | C194: Numbers for structures:
B196: C13.8.7.3 | C196: Numbers formed in concrete | H196: No | I196: 2 | K196: =ROUNDUP(IF(H196<>"",I196*J196,""),2) -> 0
A198: C13.8.10 | C198: Drainage pipes and weep holes:
B200: C13.8.10.2 | C200: Weep holes:
B202: (b) | C202: 50 mm dia. heavy duty uPVC pipe | H202: No | I202: 50 | K202: =ROUNDUP(IF(H202<>"",I202*J202,""),2) -> 0
...

Sheet C0746
A10: STRUCTURE: C0746

Sheet SCH B - C0746
A1: CONTRACT SANRAL R.573-020-2019/5R
A2: FOR THE UPGRADING OF NATIONAL ROUTE R573 SECTION 2: WORK PACKAGE B FROM KM 36.20 TO KM 48.16
A3: SCHEDULE B: STRUCTURES (C0746)
A4: ITEM | C4: DESCRIPTION | H4: UNIT | I4: QUANTITY | J4: RATE | K4: AMOUNT
A5: CHAPTER 4 - EARTHWORKS AND PAVEMENT LAYERS: MATERIALS 4.2 CUT MATERIALS
A8: C4.2.3 | C8: Excavating of materials in cuttings, material obtained from
B10: C4.2.3.1 | C10: Soft excavation | H10: m3 | I10: 4150 | K10: =I10*J10 -> 0
B12: C4.2.3.2 | C12: Boulder excavation class A | H12: m3 | I12: 500 | K12: =I12*J12 -> 0
B14: C4.2.3.3 | C14: Boulder excavation class B | H14: m3 | I14: 500 | K14: =I14*J14 -> 0
B16: C4.2.3.4 | C16: Hard excavation (other than by blasting) | H16: m3 | I16: 150 | K16: =I16*J16 -> 0
A19: C4.2 | C19: TOTAL CARRIED FORWARD TO SUMMARY | K19: =SUM(K8:K18) -> 0
A20: CHAPTER 13 - STRUCTURES 13.1 FOUNDATIONS
A23: C13.1.3 | C23: Excavation:
B25: C13.1.3.1 | C25: Excavating soft material situated within the following successive depth ranges:
B27: (a) | C27: 0m up to 1,5m | H27: m3 | I27: 280 | K27: =I27*J27 -> 0
B29: (b) | C29: > 1,5m and < 3,0m | H29: m3 | I29: 275 | K29: =I29*J29 -> 0
B31: (c) | C31: > 3,0m and < 4,5m | H31: m3 | I31: 270 | K31: =I31*J31 -> 0
B33: C13.1.3.3 | C33: Extra over subitem C13.1.3.1 for excavation in hard material irrespective of depth | H33: m3 | I33: 120 | K33: =I33*J33 -> 0
B35: C13.1.3.3 | C35: Extra over subitem C13.1.3.1 for additional excavation required by the Engineer after excavation is complete | H35: m3 | I35: 120 | K35: =I35*J35 -> 0
A37: C13.1.7 | C37: Backfill to excavations utilising:
B39: C13.1.7.1 | C39: Material from excavation | H39: m3 | I39: 50 | K39: =I39*J39 -> 0
B41: C13.1.7.2 | C41: Imported material | H41: m3 | I41: 200 | K41: =I41*J41 -> 0
A43: C13.1.9 | C43: Fill within a restricted area (extra over item C5.2.2) | H43: m3 | I43: 610 | K43: =I43*J43 -> 0
A45: C13.1.10 | C45: Haul in excess of 1,0 km on excavated material and on material imported for backfill, foundation fill and fill for caissons | H45: m3.km | I45: 5500 | K45: =I45*J45 -> 0
A47: C13.1.14 | C47: Foundation fill consisting of:
B49: C13.1.14.1 | C49: Rock fill | H49: m3 | I49: 650 | K49: =I49*J49 -> 0
B51: C13.1.14.3 | C51: Compacted granular material | H51: m3 | I51: 205 | K51: =I51*J51 -> 0
B53: C13.1.14.5 | C53: Concrete blinding Class C12/15-20, 75mm thick | H53: m3 | I53: 15 | K53: =I53*J53 -> 0
A55: C13.1.23 | C55: Lateral support for excavations:
B57: C13.1.23.1 | C57: Excavation at road centreline
B59: (a) | C59: 0 to 2.5m depth | H59: m2 | I59: 18 | K59: =ROUNDUP(IF(H59<>"",I59*J59,""),2) -> 0
B61: (b) | C61: 2.5 to 5m depth | H61: m2 | I61: 18 | K61: =ROUNDUP(IF(H61<>"",I61*J61,""),2) -> 0
B63: (c) | C63: 5 to 7.5m depth | H63: m2 | I63: 7 | K63: =ROUNDUP(IF(H63<>"",I63*J63,""),2) -> 0
A66: C13.1 | C66: TOTAL CARRIED FORWARD TO SUMMARY | K66: =SUM(K23:K65) -> 0
A67: CHAPTER 13 - STRUCTURES 13.2 FALSEWORK, FORMWORK AND CONCRETE FINISH
A70: C13.2.2 | C70: Vertical formwork to provide :
B72: (a) | C72: Class F1 surface finish to:
B74: (i) | C74: Cells & Wingwalls, cut-off walls | H74: m2 | I74: 305 | K74: =I74*J74 -> 0
B76: (b) | C76: Class F2 surface finish to:
B78: (i) | C78: Cell wall, ends and headwalls | H78: m² | I78: 240 | K78: =I78*J78 -> 0
B80: (ii) | C80: Wingwall faces | H80: m² | I80: 65 | K80: =I80*J80 -> 0
A82: C13.2.3 | C82: Horizontal formwork to provide :
B84: (b)
C85: Class F2 surface finish to:
B86: (i) | C86: Top slab soffit | H86: m² | I86: 115 | K86: =I86*J86 -> 0
A88: C13.2.6 | C88: Formwork to form open joints:
B90: (a) | C90: Between cells | H90: m² | I90: 22 | K90: =I90*J90 -> 0
A94: C13.2 | C94: TOTAL CARRIED FORWARD TO SUMMARY | K94: =SUM(K70:K93) -> 0
A95: CHAPTER 13 - STRUCTURES 13.3 STEEL REINFORCEMENT
A98: C13.3.1 | C98: Reinforcement for:
B100: (a) | C100: Culvert C0746
B102: (i) | C102: High-yield-stress-steel bars, hot-rolled, 450 MPa yield stress | H102: t | I102: 27 | K102: =I102*J102 -> 0
B104: (c) | C104: Welded steel fabric
B106: (i) | C106: Mesh Ref. 341 | H106: kg | I106: 4 | K106: =I106*J106 -> 0
A108: C13.3.4 | C108: Extra-over item C13.3.1 (a) for galvanising of reinforcement | H108: t | I108: 0.1 | K108: =I108*J108 -> 0
A112: C13.3 | C112: TOTAL CARRIED FORWARD TO SUMMARY | K112: =SUM(K98:K111) -> 0
A113: CHAPTER 13 - STRUCTURES 13.4 CONCRETE
A116: C13.4.1 | C116: Cast in situ concrete :
B118: C13.4.1.2 | C118: Durable concrete (class D):
B120: (a) | C120: Culvert cell, apron slabs and cut-off walls D25/30-20-XC4 | H120: m3 | I120: 185 | K120: =I120*J120 -> 0
B122: (b) | C122: Wingwalls D25/30-20-XC4 | H122: m3 | I122: 55 | K122: =I122*J122 -> 0
B124: (c) | C124: Pedestrian parapet and guardrail slab D32/40-14-XC4 | H124: m3 | I124: 22 | K124: =I124*J124 -> 0
A126: C13.4.3 | C126: Extra over item C13.4.1 for the protection of concrete from adverse environmental conditions, if required:
B128: C13.4.3.2 | C128: Durable concrete (class D):
B130: (a) | C130: Culvert cell, apron slabs and cut-off walls D25/30-20-XC4 | H130: m3 | I130: 185 | K130: =I130*J130 -> 0
B132: (b) | C132: Wingwalls D25/30-20-XC4 | H132: m3 | I132: 55 | K132: =I132*J132 -> 0
B134: (c) | C134: Pedestrian parapet and guardrail slab D32/40-14-XC4 | H134: m3 | I134: 22 | K134: =I134*J134 -> 0
A136: C13.4.5 | C136: Curing and surface protection of cast in situ concrete, as and where specifically required:
B138: C13.4.5.1 | C138: Culvert cells, , apron slabs and cut-off walls (Tenderer to specify method of curing) | H138: m² | I138: 505 | K138: =I138*J138 -> 0
C139: ……………………………………………………………............
B141: C13.4.5.2 | C141: Wingwalls (Tenderer to specify method of curing) | H141: m² | I141: 120 | K141: =I141*J141 -> 0
C142: ……………………………………………………………............
B144: C13.4.5.2 | C144: Pedestrian parapet and guardrail slab (Tenderer to specify method of curing) | H144: m² | I144: 65 | K144: =I144*J144 -> 0
C145: ……………………………………………………………............
A147: C13.4.9 | C147: Manufacturing precast concrete members (Pedestrian parapet/Precast mounting block for structure number approximate mass 0.5 ton) | H147: No | I147: 2 | K147: =ROUNDUP(IF(H147<>"",I147*J147,""),2) -> 0
A149: C13.4.11 | C149: Transporting and erecting precast concrete members (Pedestrian parapet approximate mass 2.5 ton) | H149: No | I149: 2 | K149: =ROUNDUP(IF(H149<>"",I149*J149,""),2) -> 0
A152: C13.4 | C152: TOTAL CARRIED FORWARD TO SUMMARY | K152: =SUM(K116:K151) -> 0
A153: CHAPTER 13 - STRUCTURES 13.6 BEARINGS
A156: C13.6.4 | C156: Dowels:
B158: (a) | C158: R20 galvanized bars 600mm long at 500 c/c with 300mm non-woven synthetic fibre fabric impregnated tape and coated with a neutral compound based on saturated petroleum hydrocarbons and inert fillers | H158: No. | I158: 30 | K158: =I158*J158 -> 0
A161: C13.6 | C161: TOTAL CARRIED FORWARD TO SUMMARY | K161: =SUM(K156:K160) -> 0
A162: CHAPTER 13 - STRUCTURES 13.7 JOINTS
A165: C13.7.2 | C165: Filled joints:
B167: C13.7.2.1 | C167: Depth greater than 150 mm:
B169: (a) | C169: 10 mm joint filler between culvert walls (closed cell polyethylene joint filler) | H169: m² | I169: 22 | K169: =I169*J169 -> 0
A171: C13.7.4 | C171: Sealing joints with:
B173: C13.7.4.1 | C173: Sealant
B175: (a) | C175: 10 x 10 mm silicone sealant (see COTO A13.7.5.1C) between culvert units | H175: m | I175: 65 | K175: =I175*J175 -> 0
A177: P13.7.11 | C177: Covering culvert joints with:
B179: (a) | C179: 400mm of burlap (340g/m²) pre-impregnated with a bitmunious emulsion or similar approved as specified in section A3.2.7.7 (b)(iii) COTO | H179: m | I179: 15 | K179: =ROUNDUP(IF(H179<>"",I179*J179,""),2) -> 0
B181: (b) | C181: 200 X 2mm stainless steel sheet metal fixed with concrete nails at 300mm c/c on one side only | H181: m | I181: 15 | K181: =ROUNDUP(IF(H181<>"",I181*J181,""),2) -> 0
A184: C13.7 | C184: TOTAL CARRIED FORWARD TO SUMMARY | K184: =SUM(K165:K183) -> 0
A185: CHAPTER 13 - STRUCTURES 13.8 ANCILLARY STRUCTURAL ELEMENTS
A188: C13.8.7 | C188: Numbers for structures:
B190: C13.8.7.3 | C190: Numbers formed in concrete | H190: No | I190: 2 | K190: =I190*J190 -> 0
A192: C13.8.10 | C192: Drainage pipes and weep holes:
B194: C13.8.10.2 | C194: Weep holes:
B196: (b) | C196: 50 mm dia. heavy duty uPVC pipe | H196: No | I196: 95 | K196: =I196*J196 -> 0
A198: C13.8.12 | C198: Synthetic-fibre filter fabric
B200: (a) | C200: Grade 3 | H200: m² | I200: 35 | K200: =I200*J200 -> 0
...

Sheet PB - KWAGGA
A10: STRUCTURE: PEDESTRIAN BRIDGE - KWAGGAFONTEIN

Sheet SCH B - PB - KWAGGA
A1: CONTRACT SANRAL R.573-020-2019/5R
A2: FOR THE UPGRADING OF NATIONAL ROUTE R573 SECTION 2: WORK PACKAGE B FROM KM 36.20 TO KM 48.16
A3: SCHEDULE B: STRUCTURES (PEDESTRIAN BRIDGE - KWAGGAFONTEIN)
A4: ITEM | C4: DESCRIPTION | H4: UNIT | I4: QUANTITY | J4: RATE | K4: AMOUNT
A5: CHAPTER 1 - GENERAL 1.7 LOADING AND HAULING
A8: C1.7.1 | C8: Loading
B10: C1.7.1.1 | C10: Loading from stockpile using machines and some hand labour where necessary | H10: (m3) | I10: 1650 | K10: =ROUNDUP(IF(H10<>"",I10*J10,""),2) -> 0
A12: C1.7.2 | C12: Hauling
B14: C1.7.2.1 | C14: Hauling material for use in the Works and off-loading it on the site of the Works:
B16: (a) | C16: Soil, gravel, crushed stone and pavement layer material | H16: (m3 - km) | I16: 8000 | K16: =ROUNDUP(IF(H16<>"",I16*J16,""),2) -> 0
A19: C1.7 | C19: TOTAL CARRIED FORWARD TO SUMMARY | K19: =SUM(K8:K18) -> 0
A20: CHAPTER 5 - EARTHWORKS AND PAVEMENT LAYERS: CONSTRUCTION 5.2 FILL
A23: C5.2.2 | C23: Fill construction:
B25: C5.2.2.1 | C25: Normal fill material in compacted layer thicknesses of 200mm and less:
B27: (b) | C27: Compacted to 93% of MDD | H27: (m3) | I27: 1650 | K27: =ROUNDUP(IF(H27<>"",I27*J27,""),2) -> 0
A31: C5.2 | C31: TOTAL CARRIED FORWARD TO SUMMARY | K31: =SUM(K23:K30) -> 0
A32: CHAPTER 11 - ANCILLARY ROAD WORKS 11.1 PITCHING, STONEWORK, CAST IN SITU CONCRETE FOR PROTECTION AGAINST EROSION
A35: C11.1.2 | C35: Stone pitching
B37: C11.1.2.2 | C37: Grouted stone pitching with mortar | H37: (m2) | I37: 20 | K37: =ROUNDUP(IF(H37<>"",I37*J37,""),2) -> 0
A39: C11.1.5 | C39: Concrete pitching or paving
B41: C11.1.5.1 | C41: Cast in situ concrete pitching or paving (Class C16/20-20) | H41: (m2) | I41: 50 | K41: =J41*I41 -> 0
A43: C11.1.6 | C43: Concrete edge beams (Class C16/20-20) | H43: (m3) | I43: 3 | K43: =ROUNDUP(IF(H43<>"",I43*J43,""),2) -> 0
A46: C11.1 | C46: TOTAL CARRIED FORWARD TO SUMMARY | K46: =SUM(K35:K45) -> 0
A47: CHAPTER 13 - STRUCTURES 13.1 FOUNDATIONS
A50: C13.1.3 | C50: Excavation:
B52: C13.1.3.1 | C52: Excavating soft material situated within the following successive depth ranges:
B54: (a) | C54: 0m up to 1,5m | H54: m3 | I54: 550 | K54: =ROUNDUP(IF(H54<>"",I54*J54,""),2) -> 0
B56: (b) | C56: > 1,5m and < 3,0m | H56: m3 | I56: 150 | K56: =ROUNDUP(IF(H56<>"",I56*J56,""),2) -> 0
B58: (c) | C58: > 3,0m and < 4,5m | H58: m3 | I58: 150 | K58: =ROUNDUP(IF(H58<>"",I58*J58,""),2) -> 0
B60: C13.1.3.2 | C60: Extra over subitem C13.1.3.1 for excavation in hard materia irrespective of depth | H60: m3 | I60: 50 | K60: =ROUNDUP(IF(H60<>"",I60*J60,""),2) -> 0
B62: C13.1.3.3 | C62: Extra over subitem C13.1.3.1 for additional excavation required by the Engineer after excavation is complete | H62: m3 | I62: 50 | K62: =ROUNDUP(IF(H62<>"",I62*J62,""),2) -> 0
B64: C13.1.3.4 | C64: Extra over subitem C13.1.3.1 for excavation by hand | H64: m3 | I64: 25 | K64: =ROUNDUP(IF(H64<>"",I64*J64,""),2) -> 0
A66: C13.1.6 | C66: Access and drainage:
B68: C13.1.6.1 | C68: Access | H68: lump sum | I68: 1 | K68: =ROUNDUP(IF(H68<>"",I68*J68,""),2) -> 0
B70: C13.1.6.2 | C70: Drainage | H70: lump sum | I70: 1 | K70: =ROUNDUP(IF(H70<>"",I70*J70,""),2) -> 0
A72: C13.1.7 | C72: Backfill to excavations utilising:
B74: C13.1.7.1 | C74: Material from excavation | H74: m3 | I74: 500 | K74: =ROUNDUP(IF(H74<>"",I74*J74,""),2) -> 0
B76: C13.1.7.2 | C76: Imported material | H76: m3 | I76: 100 | K76: =ROUNDUP(IF(H76<>"",I76*J76,""),2) -> 0
A78: C13.1.9 | C78: Fill within a restricted area (extra over item C5.2.2) | H78: m3 | I78: 200 | K78: =ROUNDUP(IF(H78<>"",I78*J78,""),2) -> 0
A80: C13.1.10 | C80: Haul in excess of 1,0 km on excavated material and on material imported for backfill, foundation fill and fill for caissons | H80: m3.km | I80: 5400 | K80: =ROUNDUP(IF(H80<>"",I80*J80,""),2) -> 0
A82: C13.1.14 | C82: Foundation fill consisting of:
B84: C13.1.14.4 | C84: Mass concrete Class C25/30-20 | H84: m3 | I84: 20 | K84: =ROUNDUP(IF(H84<>"",I84*J84,""),2) -> 0
B86: C13.1.14.5 | C86: Concrete blinding Class C12/15-20 75mm thick | H86: m3 | I86: 15 | K86: =ROUNDUP(IF(H86<>"",I86*J86,""),2) -> 0
A90: C13.1 | C90: TOTAL CARRIED FORWARD TO SUMMARY | K90: =SUM(K50:K89) -> 0
A91: CHAPTER 13 - STRUCTURES 13.2 FALSEWORK, FORMWORK AND CONCRETE FINISH
A94: C13.2.2 | B94: (a) | C94: Vertical formwork to provide F1 surface finish to:
B96: (i) | C96: Spread footings (Ramps) | H96: m2 | I96: 100 | K96: =ROUNDUP(IF(H96<>"",I96*J96,""),2) -> 0
B98: (ii) | C98: Abutments - Ramp | H98: m2 | I98: 105 | K98: =ROUNDUP(IF(H98<>"",I98*J98,""),2) -> 0
B100: (b) | C100: Vertical formwork to provide F2 surface finish to:
B102: (i) | C102: Abutments - Ramp | H102: m² | I102: 145 | K102: =ROUNDUP(IF(H102<>"",I102*J102,""),2) -> 0
B104: (iii) | C104: Piers - Ramps | H104: m² | I104: 3350 | K104: =ROUNDUP(IF(H104<>"",I104*J104,""),2) -> 0
B106: (iv) | C106: Ramp slabs | H106: m² | I106: 105 | K106: =ROUNDUP(IF(H106<>"",I106*J106,""),2) -> 0
B108: (v) | C108: Bridge deck | H108: m² | I108: 20 | K108: =ROUNDUP(IF(H108<>"",I108*J108,""),2) -> 0
A110: C13.2.3 | C110: Horizontal formwork to provide F2 surface finish to:
B112: (b) | C112: Class F2 surface finish to:
B114: (i) | C114: Access Ramps | H114: m² | I114: 275 | K114: =ROUNDUP(IF(H114<>"",I114*J114,""),2) -> 0
B116: (ii) | C116: Bridge deck | H116: m² | I116: 140 | K116: =ROUNDUP(IF(H116<>"",I116*J116,""),2) -> 0
A118: C13.2.6 | C118: Formwork to form open joints:
B120: (a) | C120: Between bridge deck and Access Ramps | H120: m² | I120: 3 | K120: =ROUNDUP(IF(H120<>"",I120*J120,""),2) -> 0
B122: (b) | C122: Between Abutment and Access Ramps | H122: m² | I122: 8.5 | K122: =ROUNDUP(IF(H122<>"",I122*J122,""),2) -> 0
A124: C13.2.11 | C124: Permanent formwork
B126: C13.2.5.11 | C126: Hot dip galvanised (Z275 spelter) interlocking commercial quality steel units/panels (2.0mm thick) to deck in-situ slabs. The permanent formwork system is to create a composite slab and with a flat soffit profile. The system is to be unpropped capable of spanning over 2.5m | H126: m² | I126: 140 | K126: =ROUNDUP(IF(H126<>"",I126*J126,""),2) -> 0
A129: C13.2 | C129: TOTAL CARRIED FORWARD TO SUMMARY | K129: =SUM(K94:K128) -> 0
A130: CHAPTER 13 - STRUCTURES 13.3 STEEL REINFORCEMENT
A133: C13.3.1 | C133: Reinforcement for:
B135: C13.9.1.1 | C135: Structure PB 1:
B137: (a) | C137: Mild-steel bars | H137: t | I137: 1 | K137: =ROUNDUP(IF(H137<>"",I137*J137,""),2) -> 0
B139: (b) | C139: High-yield-stress-steel bars 450 MPa yield stress | H139: t | I139: 42 | K139: =ROUNDUP(IF(H139<>"",I139*J139,""),2) -> 0
A141: C13.3.4 | C141: Extra-over item C13.3.1 (a), (b), etc. for galvanising of reinforcement | H141: t | I141: 5 | K141: =ROUNDUP(IF(H141<>"",I141*J141,""),2) -> 0
A144: C13.3 | C144: TOTAL CARRIED FORWARD TO SUMMARY | K144: =SUM(K133:K143) -> 0
A145: CHAPTER 13 - STRUCTURES 13.4 CONCRETE
A148: C13.4.1 | C148: Cast in situ concrete D25/30-20-XC4:
B150: C13.4.1.1 | C150: Strength concrete (class C):
B152: (a) | C152: Spread footings C25/30-20 | H152: m3 | I152: 55 | K152: =ROUNDUP(IF(H152<>"",I152*J152,""),2) -> 0
B154: C13.4.1.2 | C154: Durable concrete (class D):
B156: (a) | C156: Piers D25/30-XC3-20 | H156: m3 | I156: 80 | K156: =ROUNDUP(IF(H156<>"",I156*J156,""),2) -> 0
B158: (b) | C158: Abutments D25/30-XC3-20 | H158: m3 | I158: 15 | K158: =ROUNDUP(IF(H158<>"",I158*J158,""),2) -> 0
B160: (c) | C160: Access Ramps (staircases) D25/30-XC3-20 | H160: m3 | I160: 160 | K160: =ROUNDUP(IF(H160<>"",I160*J160,""),2) -> 0
B162: (d) | C162: Bridge Deck including coping of handrail D35/45-XC3-20 | H162: m3 | I162: 30 | K162: =ROUNDUP(IF(H162<>"",I162*J162,""),2) -> 0
A164: C13.4.5 | C164: Curing and surface protection of cast in situ concrete, as and where specifically required:
B166: C13.4.5.1 | C166: Spread footings (Tenderer to specify method of curing) | H166: m² | I166: 100 | K166: =ROUNDUP(IF(H166<>"",I166*J166,""),2) -> 0
C167: ……………………………………………………………............
B169: C13.4.5.2 | C169: Pier wall faces (Tenderer to specify method of curing) | H169: m² | I169: 2000 | K169: =ROUNDUP(IF(H169<>"",I169*J169,""),2) -> 0
C170: ……………………………………………………………............
B172: C13.4.5.3 | C172: Abutments (Tenderer to specify method of curing) | H172: m² | I172: 100 | K172: =ROUNDUP(IF(H172<>"",I172*J172,""),2) -> 0
C173: ……………………………………………………………............
B175: C13.4.5.4 | C175: Bridge Deck (Tenderer to specify method of curing) | H175: m² | I175: 55 | K175: =ROUNDUP(IF(H175<>"",I175*J175,""),2) -> 0
C176: ……………………………………………………………............
B178: C13.4.5.5 | C178: Access Ramps (Tenderer to specify method of curing) | H178: m² | I178: 280 | K178: =ROUNDUP(IF(H178<>"",I178*J178,""),2) -> 0
C179: ……………………………………………………………............
A182: C13.4 | C182: TOTAL CARRIED FORWARD TO SUMMARY | K182: =SUM(K148:K181) -> 0
A183: CHAPTER 13 - STRUCTURES 13.6 BEARINGS
A186: C13.6.1 | C186: Bearings:
B188: C13.6.1.1 | C188: Bearings- Pot bearings
B190: (a) | C190: Fixed (1000kN) | H190: No | I190: 1 | K190: =ROUNDUP(IF(H190<>"",I190*J190,""),2) -> 0
B192: (b) | C192: Uni-directional (1000kN) | H192: No | I192: 2 | K192: =ROUNDUP(IF(H192<>"",I192*J192,""),2) -> 0
B194: (c) | C194: Multi-directional (1000kN) | H194: No | I194: 1 | K194: =ROUNDUP(IF(H194<>"",I194*J194,""),2) -> 0
B196: C13.6.1.2 | C196: Provision of engineering drawings of proprietary bearings and certification after installation by an ECSA Registered Professional Engineer or Technologist | H196: lump sum | I196: 1 | K196: =ROUNDUP(IF(H196<>"",I196*J196,""),2) -> 0
A199: C13.6 | C199: TOTAL CARRIED FORWARD TO SUMMARY | K199: =SUM(K186:K198) -> 0
A200: CHAPTER 13 - STRUCTURES 13.7 JOINTS
...

Sheet MED BAR
A10: STRUCTURE: MEDIAN BARRIERS

Sheet SCH B - MED BAR 
A1: CONTRACT SANRAL R.573-020-2019/5R
A2: FOR THE UPGRADING OF NATIONAL ROUTE R573 SECTION 2: WORK PACKAGE B FROM KM 36.20 TO KM 48.16
A3: SCHEDULE B: STRUCTURES (MEDIAN BARRIERS)
A4: ITEM | C4: DESCRIPTION | H4: UNIT | I4: QUANTITY | J4: RATE | K4: AMOUNT
A5: CHAPTER 11 - ANCILLARY ROAD WORKS 11.5 FENCING
A8: C11.5.11 | C8: Supply and erect new high security proprietary fencing on top of median barrier
B10: (a) | C10: Barrier mesh fence 3297mm wide x 1200mm high, Grade A galvanised, 3mm dia. Wire with aperture size at 76.2mm x 12.7mm. Panel reinforced with 3 x 50mm deep V formation horizontal recessed bands | H10: m | I10: 18645 | K10: =ROUNDUP(IF(H10<>"",I10*J10,""),2) -> 0
B12: (b) | C12: Extra over item B55.11(a) for the following:
B14: (i) | C14: Steel mesh skirt, width 450mm, with 2 x 22.5 deg x 60mm wide bend on one side and 45deg x 80mm bend on the other side, Grade A galvanising | H14: m | I14: 18645 | K14: =ROUNDUP(IF(H14<>"",I14*J14,""),2) -> 0
B16: (ii) | C16: Tek screws | H16: No | I16: 52304.132 | K16: =ROUNDUP(IF(H16<>"",I16*J16,""),2) -> 0
B18: (iii) | C18: Fixator bracket- Aluminium | H18: No | I18: 52304.132 | K18: =ROUNDUP(IF(H18<>"",I18*J18,""),2) -> 0
B20: (iv) | C20: Steel base plate hot dip galvanised coated 200x 100 x 5mm thick including 4no x 12mm dia holes fitted to concrete with 4no x 10mm rawl bolts, welded to post | H20: No | I20: 6623.8816 | K20: =ROUNDUP(IF(H20<>"",I20*J20,""),2) -> 0
B22: (v) | C22: Fitting of steel mesh skirt to concrete with 6mm rawl bolts, 500mm c/c | H22: No | I22: 74825.329 | K22: =ROUNDUP(IF(H22<>"",I22*J22,""),2) -> 0
B24: (vi) | C24: E/O to cut panels to size | H24: No | I24: 466.125 | K24: =ROUNDUP(IF(H24<>"",I24*J24,""),2) -> 0
A27: C13.1 | C27: TOTAL CARRIED FORWARD TO SUMMARY | K27: =SUM(K8:K26) -> 0
A28: CHAPTER 13 - STRUCTURES 13.1 FOUNDATIONS
A31: C13.1.3 | C31: Excavation:
B33: C13.1.3.1 | C33: Excavating soft material situated within the following successive depth ranges:
B35: (a) | C35: 0m up to 1,5m | H35: m3 | I35: 3025 | K35: =ROUNDUP(IF(H35<>"",I35*J35,""),2) -> 0
B37: (b) | C37: > 1,5m and < 3,0m | H37: m3 | I37: 305 | K37: =ROUNDUP(IF(H37<>"",I37*J37,""),2) -> 0
B39: C13.1.3.3 | C39: Extra over subitem C13.1.3.1 for additional excavation required by the Engineer after excavation is complete | H39: m3 | I39: 150 | K39: =ROUNDUP(IF(H39<>"",I39*J39,""),2) -> 0
B41: C13.1.3.4 | C41: Extra over subitem C13.1.3.1 for excavation by hand | H41: m3 | I41: 305 | K41: =ROUNDUP(IF(H41<>"",I41*J41,""),2) -> 0
A43: C13.1.10 | C43: Haul in excess of 1,0 km on excavated material and on material imported for backfill, foundation fill and fill for caissons | H43: m3.km | I43: 20815 | K43: =ROUNDUP(IF(H43<>"",I43*J43,""),2) -> 0
A45: C13.1.14 | C45: Foundation fill consisting of:
B47: C13.1.14.5 | C47: Concrete blinding Class C12/15-20 75mm thick | H47: m3 | I47: 685 | K47: =ROUNDUP(IF(H47<>"",I47*J47,""),2) -> 0
A50: C13.1 | C50: TOTAL CARRIED FORWARD TO SUMMARY | K50: =SUM(K31:K49) -> 0
A51: CHAPTER 13 - STRUCTURES 13.2 FALSEWORK, FORMWAOR AND CONCRETE FINISH
A54: C13.2.2 | C54: Vertical formwork to provide :
B56: (a) | C56: Class F1 surface finish to:
B58: (i) | C58: Footings for Median barriers, manholes, end blocks and light masts | H58: m2 | I58: 4000 | K58: =ROUNDUP(IF(H58<>"",I58*J58,""),2) -> 0
B60: (ii) | C60: Ends of barrier units at joints | H60: m2 | I60: 570 | K60: =ROUNDUP(IF(H60<>"",I60*J60,""),2) -> 0
B62: (c) | C62: Class F3 surface finish to.
B64: (i) | C64: In situ median barriers, manholes, end blocks and light masts | H64: m² | I64: 1450 | K64: =ROUNDUP(IF(H64<>"",I64*J64,""),2) -> 0
A66: C13.2.6 | C66: Formwork to form open joints:
B68: (a) | C68: Between Barrier units including lightmast, footings and manholes | H68: m² | I68: 570 | K68: =ROUNDUP(IF(H68<>"",I68*J68,""),2) -> 0
A71: C13.2 | C71: TOTAL CARRIED FORWARD TO SUMMARY | K71: =SUM(K54:K70) -> 0
A72: CHAPTER 13 - STRUCTURES 13.3 STEEL REINFORCEMENT
A75: C13.3.1 | C75: Reinforcement for:
B77: C13.3.1.1 | C77: Median Barriers
B79: (a) | C79: Mild steel bars | H79: t | I79: 0.3 | K79: =ROUNDUP(IF(H79<>"",I79*J79,""),2) -> 0
B81: (b) | C81: High-yield-stress-steel bars, hot-rolled, 450 MPa yield stress | H81: t | I81: 64 | K81: =ROUNDUP(IF(H81<>"",I81*J81,""),2) -> 0
A84: C13.3 | C84: TOTAL CARRIED FORWARD TO SUMMARY | K84: =SUM(K75:K83) -> 0
A85: CHAPTER 13 - STRUCTURES 13.4 CONCRETE
A88: C13.4.1 | C88: Cast in situ concrete :
B90: C13.4.1.1 | C90: Strength concrete (class C):
B92: (a) | C92: In-situ median barriers, manholes, end blocks and light masts C25/30-20 | H92: m3 | I92: 1555 | K92: =ROUNDUP(IF(H92<>"",I92*J92,""),2) -> 0
B94: (b) | C94: In-situ Footings for Median barriers, manholes, end blocks and light masts C25/30-20 | H94: m3 | I94: 3545 | K94: =ROUNDUP(IF(H94<>"",I94*J94,""),2) -> 0
A97: C13.4.9 | C97: Manufacturing precast concrete members
B99: (a) | C99: Precast cover of manhole unit | H99: No | I99: 51 | K99: =ROUNDUP(IF(H99<>"",I99*J99,""),2) -> 0
B101: (b) | C101: Precast median barriers, 3580mm long (two single sided units) approximate mass 2.5 ton | H101: m | I101: 11235 | K101: =ROUNDUP(IF(H101<>"",I101*J101,""),2) -> 0
A103: C13.4.11 | C103: Transporting and erecting precast concrete members (Precast median barriers, 3580mm long (two single sided units) approximate mass 2.5 ton)
B105: (a) | C105: Precast cover of manhole unit | H105: No | I105: 51 | K105: =ROUNDUP(IF(H105<>"",I105*J105,""),2) -> 0
B107: (b) | C107: Precast median barriers, 3580mm long (two single sided units) approximate mass 2.5 ton | H107: No | I107: 2853 | K107: =ROUNDUP(IF(H107<>"",I107*J107,""),2) -> 0
A109: C13.4.5 | C109: Curing and surface protection of cast in situ concrete, as and where specifically required:
B111: C13.4.5.1 | C111: In situ median barriers including end block, light masts and man holes(Tenderer to specify method of curing) | H111: m² | I111: 1950 | K111: =ROUNDUP(IF(H111<>"",I111*J111,""),2) -> 0
C112: ……………………………………………………………............
B114: C13.4.5.2 | C114: Precast cover of manhole unit (Tenderer to specify method of curing) | H114: m² | I114: 102 | K114: =ROUNDUP(IF(H114<>"",I114*J114,""),2) -> 0
C115: ……………………………………………………………............
A117: C13.4 | C117: TOTAL CARRIED FORWARD TO SUMMARY | K117: =SUM(K88:K116) -> 0
A118: CHAPTER 13 - STRUCTURES 13.6 BEARINGS
A121: C13.6.4 | C121: Dowels
B123: (a) | C123: R25 mm dia. HDG, 600 mm long | H123: No | I123: 12800 | K123: =ROUNDUP(IF(H123<>"",I123*J123,""),2) -> 0
B125: (b) | C125: R32 mm dia. HDG, 1300 mm long | H125: No | I125: 3185 | K125: =ROUNDUP(IF(H125<>"",I125*J125,""),2) -> 0
A128: C13.6 | C128: TOTAL CARRIED FORWARD TO SUMMARY | K128: =SUM(K121:K127) -> 0
A129: CHAPTER 13 - STRUCTURES 13.7 JOINTS
A132: C13.7.2 | C132: Filled joints:
B134: C13.7.2.1 | C134: Depth greater than 150 mm:
B136: (a) (i) | C136: 10 mm joint filler between median barrier units (closed cell expanded polyethylene joint filler) | H136: m² | I136: 108 | K136: =ROUNDUP(IF(H136<>"",I136*J136,""),2) -> 0
B138: (ii) | C138: 20 mm joint filler between barrier units (closed cell expanded polyethylene joint filler) | H138: m² | I138: 1695 | K138: =ROUNDUP(IF(H138<>"",I138*J138,""),2) -> 0
A140: C13.7.8 | C140: Additional water tests for joints ordered by the Engineer | H140: No | I140: 10 | K140: =ROUNDUP(IF(H140<>"",I140*J140,""),2) -> 0
A143: C13.7 | C143: TOTAL CARRIED FORWARD TO SUMMARY | K143: =SUM(K132:K142) -> 0
A144: CHAPTER 13 - STRUCTURES 13.8 ANCILLARY STRUCTURAL ELEMENTS
A147: C13.8.6 | C147: Service ducts in structures:
B149: C13.8.6.1 | C149: Ordinary pipes:
B151: (a)(i) | C151: 110mm HDPE | H151: m | I151: 34155 | K151: =ROUNDUP(IF(H151<>"",I151*J151,""),2) -> 0
B153: (iii) | C153: Supply & install 40mm dia PVC sleeve for lifting holes | H153: No | I153: 12555 | K153: =ROUNDUP(IF(H153<>"",I153*J153,""),2) -> 0
B155: (c) | C155: Fittings:
B157: (i) | C157: 110mm x 90 deg long radius bend | H157: No | I157: 1370 | K157: =ROUNDUP(IF(H157<>"",I157*J157,""),2) -> 0
B159: (iii) | C159: Supply & install 40mm dia PVC sleeve for lifting holes | H159: No | I159: 12555 | K159: =ROUNDUP(IF(H159<>"",I159*J159,""),2) -> 0
A162: C13.8 | C162: TOTAL CARRIED FORWARD TO SUMMARY | K162: =SUM(K147:K161) -> 0
A163: CHAPTER 14 - REPAIR AND REHABILITATION OF STRUCTURES 14.5 ANCHORING OF REINFORCEMENT, GROUTING AND CRACK INJECTION
A166: C14.5.3 | C166: Grouting for:
B168: C13.8.6.1 | C168: Gap filling (Grouting of sleeve pipes and anchors 40mm) | H168: No | I168: 5705 | K168: =ROUNDUP(IF(H168<>"",I168*J168,""),2) -> 0
A171: C14.5 | C171: TOTAL CARRIED FORWARD TO SUMMARY | K171: =SUM(K166:K170) -> 0

Sheet SWM6.2
A10: STRUCTURE: SWM6.2

Sheet SCH B - SWM6.2
A1: CONTRACT SANRAL R.573-020-2019/5R
A2: FOR THE UPGRADING OF NATIONAL ROUTE R573 SECTION 2: WORK PACKAGE B FROM KM 36.20 TO KM 48.16
A3: SCHEDULE B: STRUCTURES (SWM6.2)
A4: ITEM | C4: DESCRIPTION | H4: UNIT | I4: QUANTITY | J4: RATE | K4: AMOUNT
A5: CHAPTER 11 - ANCILLARY ROAD WORKS 11.1 PITCHING, STONEWORK, CAST IN SITU CONCRETE FOR PROTECTION AGAINST EROSION
A8: C11.1.2 | C8: Stone pitching
B10: C11.1.2.2 | C10: Grouted stone pitching with mortar | H10: m2 | I10: 10 | K10: =I10*J10 -> 0
A12: C11.1.6 | C12: Concrete edge beams (Class C16/20-20) | H12: m3 | I12: 2 | K12: =I12*J12 -> 0
A15: C11.1 | C15: TOTAL CARRIED FORWARD TO SUMMARY | K15: =SUM(K8:K14) -> 0
A16: CHAPTER 13 - STRUCTURES 13.1 FOUNDATIONS
A19: C13.1.3 | C19: Excavation:
B21: C13.1.3.1 | C21: Excavating soft material situated within the following successive depth ranges:
B23: (a) | C23: 0m up to 1,5m | H23: m3 | I23: 1690 | K23: =I23*J23 -> 0
B25: (b) | C25: > 1,5m and < 3,0m | H25: m3 | I25: 750 | K25: =I25*J25 -> 0
B27: C13.1.3.3 | C27: Extra over subitem C13.1.3.1 for excavation in hard material irrespective of depth | H27: m3 | I27: 75 | K27: =I27*J27 -> 0
B29: C13.1.3.3 | C29: Extra over subitem C13.1.3.1 for additional excavation required by the Engineer after excavation is complete | H29: m3 | I29: 50 | K29: =I29*J29 -> 0
A31: C13.1.9 | C31: Fill within a restricted area (extra over item C5.2.2) | H31: m3 | I31: 650 | K31: =I31*J31 -> 0
A33: C13.1.10 | C33: Haul in excess of 1,0 km on excavated material and on material imported for backfill, foundation fill and fill for caissons | H33: m3.km | I33: 12575 | K33: =I33*J33 -> 0
A35: C13.1.14 | C35: Foundation fill consisting of:
B37: C13.1.14.5 | C37: Concrete blinding Class C12/15-20, 75mm thick | H37: m3 | I37: 70 | K37: =I37*J37 -> 0
A40: C13.1 | C40: TOTAL CARRIED FORWARD TO SUMMARY | K40: =SUM(K19:K39) -> 0
A41: CHAPTER 13 - STRUCTURES 13.2 FALSEWORK, FORMWORK AND CONCRETE FINISH
A44: C13.2.2 | C44: Vertical formwork to provide :
B46: (a) | C46: Class F1 surface finish to:
B48: (i) | C48: Cells & Wingwalls, cut-off walls | H48: m2 | I48: 450 | K48: =I48*J48 -> 0
B50: (b) | C50: Class F2 surface finish to:
B52: (i) | C52: Cell wall, ends and headwalls | H52: m² | I52: 900 | K52: =I52*J52 -> 0
B54: (ii) | C54: Wingwall faces | H54: m² | I54: 25 | K54: =I54*J54 -> 0
A56: C13.2.3 | C56: Horizontal formwork to provide :
B58: (b) | C58: Class F2 surface finish to:
B60: (i) | C60: Top slab soffit | H60: m² | I60: 720 | K60: =I60*J60 -> 0
A62: C13.2.6 | C62: Formwork to form open joints:
B64: (a) | C64: Between cells | H64: m² | I64: 65 | K64: =I64*J64 -> 0
A67: C13.2 | C67: TOTAL CARRIED FORWARD TO SUMMARY | K67: =SUM(K44:K66) -> 0
A68: CHAPTER 13 - STRUCTURES 13.3 STEEL REINFORCEMENT
A71: C13.3.1 | C71: Reinforcement for:
B73: (a) | C73: Culvert SWM 6.2
B75: (i) | C75: Mild steel bars | H75: t | I75: 0.3 | K75: =I75*J75 -> 0
B77: (ii) | C77: High-yield-stress-steel bars, hot-rolled, 450 MPa yield stress | H77: t | I77: 80 | K77: =I77*J77 -> 0
A79: C13.3.4 | C79: Extra-over item C13.3.1 (a) for galvanising of reinforcement | H79: t | I79: 0.45 | K79: =I79*J79 -> 0
A82: C13.3 | C82: TOTAL CARRIED FORWARD TO SUMMARY | K82: =SUM(K71:K81) -> 0
A83: CHAPTER 13 - STRUCTURES 13.4 CONCRETE
A86: C13.4.1 | C86: Cast in situ concrete :
B88: C13.4.1.2 | C88: Durable concrete (class D):
B90: (a) | C90: Culvert cells D25/30-20-XC4 | H90: m3 | I90: 750 | K90: =I90*J90 -> 0
B92: (b) | C92: Wingwalls, apron slab and cut-off walls D25/30-20-XC4 | H92: m3 | I92: 70 | K92: =I92*J92 -> 0
A94: C13.4.3 | C94: Extra over item C13.4.1 for the protection of concrete from adverse environmental conditions, if required:
B96: C13.4.3.2 | C96: Durable concrete (class D):
B98: (a) | C98: Culvert cells D25/30-20-XC4 | H98: m3 | I98: 750 | K98: =I98*J98 -> 0
B100: (b) | C100: Wingwalls, apron slab and cut-off walls D25/30-20-XC4 | H100: m3 | I100: 70 | K100: =I100*J100 -> 0
A102: C13.4.5 | C102: Curing and surface protection of cast in situ concrete, as and where specifically required:
B104: C13.4.5.1 | C104: Culvert cells (Tenderer to specify method of curing) | H104: m² | I104: 3900 | K104: =I104*J104 -> 0
C105: ……………………………………………………………............
B107: C13.4.5.2 | C107: Wingwalls, apron slab and cut-off walls (Tenderer to specify method of curing) | H107: m² | I107: 120 | K107: =I107*J107 -> 0
C108: ……………………………………………………………............
A111: C13.4 | C111: TOTAL CARRIED FORWARD TO SUMMARY | K111: =SUM(K86:K110) -> 0
A112: CHAPTER 13 - STRUCTURES 13.6 BEARINGS
A115: C13.6.4 | C115: Dowels:
B117: (a) | C117: Y16 galvanized bars 600mm long at 500 c/c in polyethylene wrapping | H117: No. | I117: 44 | K117: =I117*J117 -> 0
B119: (b) | C119: Y16 galvanized bars 1000mm long at 200 c/c in polyethylene wrapping | H119: No. | I119: 245 | K119: =I119*J119 -> 0
A122: C13.6 | C122: TOTAL CARRIED FORWARD TO SUMMARY | K122: =SUM(K115:K121) -> 0
A123: CHAPTER 13 - STRUCTURES 13.7 JOINTS
A126: C13.7.2 | C126: Filled joints:
B128: C13.7.2.1 | C128: Depth greater than 150 mm:
B130: (a) | C130: 10 mm joint filler between culvert walls (closed cell polyethylene joint filler) | H130: m² | I130: 65 | K130: =I130*J130 -> 0
A132: C13.7.4 | C132: Sealing joints with:
B134: C13.7.4.1 | C134: Sealant
B136: (a) | C136: 10 x 10 mm silicone sealant (see COTO A13.7.5.1C) between culvert units | H136: m | I136: 225 | K136: =I136*J136 -> 0
A139: C13.7 | C139: TOTAL CARRIED FORWARD TO SUMMARY | K139: =SUM(K126:K138) -> 0
A140: CHAPTER 13 - STRUCTURES 13.8 ANCILLARY STRUCTURAL ELEMENTS
A143: C13.8.7 | C143: Numbers for structures:
B145: C13.8.7.3 | C145: Numbers formed in concrete | H145: No | I145: 2 | K145: =I145*J145 -> 0
A147: C13.8.10 | C147: Drainage pipes and weep holes:
B149: C13.8.10.2 | C149: Weep holes:
B151: (b) | C151: 50 mm dia. heavy duty uPVC pipe | H151: No | I151: 105 | K151: =I151*J151 -> 0
A153: C13.8.12 | C153: Synthetic-fibre filter fabric
B155: (a) | C155: Grade 3 | H155: m² | I155: 30 | K155: =I155*J155 -> 0
A157: C13.8.15 | C157: Drainage strips 200mm wide filter elements | H157: m | I157: 385 | K157: =I157*J157 -> 0
A160: C13.8 | C160: TOTAL CARRIED FORWARD TO SUMMARY | K160: =SUM(K143:K159) -> 0

Sheet S6 SW CH
A10: STRUCTURE S6: BULK STORMWATER CHANNEL (FROM TEMPORARY OUTLET OF SWM6.1 UP TO AND INCLUDING OUTLET TO EXISTING WATERCOURSE)

Sheet SCH B - S6 SW CH
A1: CONTRACT SANRAL R.573-020-2019/5R
A2: FOR THE UPGRADING OF NATIONAL ROUTE R573 SECTION 2: WORK PACKAGE B FROM KM 36.20 TO KM 48.16
A3: SCHEDULE B: STRUCTURES (S6: BULK STORMWATER CHANNEL INCLUDING OUTLET)
A4: ITEM | C4: DESCRIPTION | H4: UNIT | I4: QUANTITY | J4: RATE | K4: AMOUNT
A5: CHAPTER 1 - GENERAL 1.6 CLEARING AND GRUBBING
A8: C1.6.1 | C8: Clearing
B10: C1.6.1.1 | C10: Clearing with machines and some hand labour where necessary | H10: hectare (ha) | I10: 1 | K10: =J10*I10 -> 0
A12: C1.6.2 | C12: Grubbing
B14: C1.6.2.1 | C14: Grubbing with machines and some hand labour where necessary | H14: hectare (ha) | I14: 0.3 | K14: =J14*I14 -> 0
A16: C1.6.9 | C16: Conservation of topsoil
B18: C1.6.9.1 | C18: Stockpiling topsoil | H18: cubic metre (m³) | I18: 130 | K18: =J18*I18 -> 0
A21: C1.6 | C21: TOTAL CARRIED FORWARD TO SUMMARY | K21: =SUM(K8:K20) -> 0
A22: CHAPTER 1 - GENERAL 1.7 LOADING AND HAULING
A25: C1.7.1 | C25: Loading
B27: C1.7.1.3 | C27: Loading by hand only from stockpile or heaps when labour enhancement work is specified or it is not possible to use machines | H27: cubic metre (m3) | I27: 200.85 | K27: =J27*I27 -> 0
A29: C1.7.2 | C29: Hauling
B31: C1.7.2.1 | C31: Hauling material for use in the Works and off-loading it on the site of the Works:
B32: (a) | C32: Soil, gravel, crushed stone and pavement layer material | H32: cubic metre - kilometre (m3 - km) | I32: 34120 | K32: =J32*I32 -> 0
B34: C1.7.2.2 | C34: Hauling material to spoil and off-loading it at a designated spoil or stockpile area:
B35: (a) | C35: Cleared and grubbed material (organic matter and all other unsuitable or waste material) | H35: cubic metre - kilometre (m3 - km) | I35: 1606.8 | K35: =J35*I35 -> 0
B36: (c) | C36: Boulders, hard material and concrete | H36: cubic metre - kilometre (m3 - km) | I36: 200.85 | K36: =J36*I36 -> 0
A39: C1.7 | C39: TOTAL CARRIED FORWARD TO SUMMARY | K39: =SUM(K25:K38) -> 0
A40: CHAPTER 2 - SERVICES 2.1 GENERAL REQUIREMENTS AND TRENCHING FOR SERVICES
A43: C2.1.1 | C43: Location, identification, protection and relocation of existing services
B45: C2.1.1.1 | C45: Contractor’s obligations | H45: lump sum | I45: 1 | K45: =I45*J45 -> 0
B47: C2.1.1.2 | C47: Permanent services relocation or protection work by others | H47: prime cost (PC) sum | I47: Prime | J47: Cost | K47: 400000
B49: C2.1.1.3 | C49: Handling costs and profit in respect of item C2.1.1.2 above | H49: percentage (%) | I49: =K47 -> 400000 | K49: =J49*I49 -> 0
B51: C2.1.1.4 | C51: Permanent services relocation or protection work by the Contractor | H51: provisional sum | I51: Prov | J51: Sum | K51: 100000
B53: C2.1.2.3 | C53: Survey to verify existing service positions | H53: prime cost (PC) sum | I53: Prime | J53: Cost | K53: 50000
B55: C2.1.2.4 | C55: Handling costs and profit in respect of item C2.1.2.3 above | H55: percentage (%) | I55: =K53 -> 50000 | K55: =J55*I55 -> 0
A57: C2.1.17 | C57: Removal and disposal of spoil material from trench excavations:
B59: C2.1.17.1 | C59: To spoil sites provided by the Employer as indicated in the Contract Documentation or as instructed by the Engineer | H59: cubic metre (m3) | I59: 400 | K59: =J59*I59 -> 0
A62: C2.1 | C62: TOTAL CARRIED FORWARD TO SUMMARY | K62: =SUM(K43:K61) -> 550000
A63: CHAPTER 3 - DRAINAGE 3.1 DRAINS
A66: C3.1.1 | C66: Excavation for open drains:
B68: C3.1.1.4 | C68: Excavating soft material situated 0m to 1,5m below the surface level using labour enhanced construction methods | H68: cubic metre (m3) | I68: 8290 | K68: =J68*I68 -> 0
B70: C3.1.1.5 | C70: Excavating intermediate material situated 0m to 1,5m below the surface level using labour enhanced construction methods | H70: cubic metre (m3) | I70: 420 | K70: =J70*I70 -> 0
A72: C3.1.7 | C72: Natural permeable material in subsoil drainage systems (approved crushed stone):
B74: C3.1.7.2 | C74: Crushed stone obtained from commercial sources (20mm) | H74: cubic metre (m3) | I74: 331 | K74: =J74*I74 -> 0
B76: C3.1.11 | C76: Geotextile (synthetic fibre filter, Grade 1) | H76: square metre (m2) | I76: 2680 | K76: =J76*I76 -> 0
A78: C3.1.18 | C78: Backfilling of drains with selected material (G7 or Better) compacted in 150mm layers to 95% of MDD prior to construction of concrete lining and/or stone pitched lining | H78: cubic metre (m3) | I78: 910 | K78: =J78*I78 -> 0
A81: C3.1 | C81: TOTAL CARRIED FORWARD TO SUMMARY | K81: =SUM(K66:K80) -> 0
A82: CHAPTER 3 - DRAINAGE 3.3 CONCRETE KERBING AND CHANNELING, ASPHALT BERMS, CHUTES, DOWNPIPES, CONCRETE, STONE PITCHED AND GABION LININGS FOR OPEN DRAINS
A85: C3.3.8 | C85: Linings for open drains:
B87: C3.3.8.1 | C87: Cast in situ concrete lining (C25/30-20) | H87: cubic metre (m3) | I87: 530 | K87: =J87*I87 -> 0
B89: C3.3.8.2 | C89: Class U2 surface finish to cast in situ concrete | H89: square metre (m2) | I89: 3340 | K89: =J89*I89 -> 0
A91: C3.3.9 | C91: Formwork to cast in situ concrete lining for open drains (Class F2 surface finish):
B93: C3.3.9.2 | C93: To sides with formwork on both internal and external faces (each face measured) | H93: square metre (m2) | I93: 180 | K93: =J93*I93 -> 0
B95: C3.3.9.3 | C95: To ends of slabs | H95: square metre (m2) | I95: 230 | K95: =J95*I95 -> 0
A97: C3.3.16 | C97: Demolition and removal of existing kerbs and/or channel (Approx. 1200m length of existing concrete stormwater channel) | H97: cubic metre (m3) | I97: 1478 | K97: =I97*J97 -> 0
A100: C3.3 | C100: TOTAL CARRIED FORWARD TO SUMMARY | K100: =SUM(K85:K99) -> 0
A101: CHAPTER 11 - ANCILLARY ROAD WORKS 11.8 LANDSCAPING AND PLANTING PLANTS
A104: C11.8.1 | C104: Trimming:
B106: C11.8.1.1 | C106: Machine trimming | H106: square metre (m2) | I106: 4608 | K106: =J106*I106 -> 0
A108: C11.8.3 | C108: Preparing the areas for grassing:
B110: C11.8.3.2 | C110: Scarifying for loosening topsoil | H110: hectare (h) | I110: 1.5 | K110: =J110*I110 -> 0
A112: C11.8.4 | C112: Grassing
B114: C11.8.4.3 | C114: Hydroseeding:
B116: (a) | C116: Providing an approved seed mixture for hydroseeding | H116: kilogram (kg) | I116: 75 | K116: =J116*I116 -> 0
B118: (c) | C118: Hydroseeding | H118: hectare (h) | I118: 1.5 | K118: =J118*I118 -> 0
A121: C11.8 | C121: TOTAL CARRIED FORWARD TO SUMMARY | K121: =SUM(K104:K120) -> 0
A122: CHAPTER 13 - STRUCTURES 13.3 STEEL REINFORCEMENT
A125: C13.3.1 | C125: Reinforcement for:
B127: C13.3.1.1 | C127: Open drains
C129: (c) Weld Steel Fabric (Ref. No. 617) | H129: kilogram (kg) | I129: 50051 | K129: =J129*I129 -> 0
A131: C13.3.3 | C131: Spacer ladders for:
C133: (a) Concrete lined channels/open drains | H133: ton (t) | I133: 3 | K133: =J133*I133 -> 0
C135: (b)Transition structures | H135: ton (t) | I135: 1.5 | K135: =J135*I135 -> 0
A138: C13.3 | C138: TOTAL CARRIED FORWARD TO SUMMARY | K138: =SUM(K125:K137) -> 0
A139: CHAPTER 13 - STRUCTURES 13.4 CONCRETE
A142: C13.4.2 | C142: Labour enhanced cast in situ concrete
B144: C13.4.2.2 | C144: (a) Blinding (C12/15-20) | H144: cubic metre (m3) | I144: 210 | K144: =J144*I144 -> 0
A147: C13.4 | C147: TOTAL CARRIED FORWARD TO SUMMARY | K147: =SUM(K142:K146) -> 0
A148: CHAPTER 13 - STRUCTURES 13.6 BEARINGS
A151: C13.6.4 | C151: Dowels or guides
C153: Hot Dip Galvanised Y16 mm dia. bar, 350 mm long @ 500 C/C | H153: number (No) | I153: 1000 | K153: =J153*I153 -> 0
C155: Hot Dip Galvanised R20 mm dia. bar, 750 mm long @ 500 C/C | H155: number (No) | I155: 20 | K155: =J155*I155 -> 0
A158: C13.6 | C158: TOTAL CARRIED FORWARD TO SUMMARY | K158: =SUM(K151:K157) -> 0
A159: CHAPTER 13 - STRUCTURES 13.7 JOINTS
A162: C13.7.2 | C162: Filled Joints:
B164: C13.7.2.1 | C164: 10mm approved expanded polyethylene joint former | H164: square metre (m2) | I164: 20 | K164: =J164*I164 -> 0
B166: C13.7.2.2 | C166: 20mm expanded polyethylene joint former | H166: square metre (m2) | I166: 26 | K166: =J166*I166 -> 0
A168: C13.7.4 | C168: Sealing joints with:
B170: C13.7.4.1 | C170: (i) Approved moisture-curing, joint selant with solvent-based primer (20*10 mm) | H170: metre (m) | I170: 135 | K170: =J170*I170 -> 0
B172: C13.7.4.2 | C172: (ii) Approved non-sag, ulta low modulus elastomeric neutral cure silicone sealant (10x10mm) | H172: metre (m) | I172: 1.65 | K172: =J172*I172 -> 0
B174: C13.7.4.3 | C174: (ii) Approved non-sag, ulta low modulus elastomeric neutral cure silicone sealant (20x10mm) | H174: metre (m) | I174: 135 | K174: =J174*I174 -> 0
A176: C13.7.4 | C176: Sealing joints with:
B178: C13.7.4.3 | C178: Approved waterstop rearguard 210mm wide, for 10mm expansion joint | H178: metre (m) | I178: 1.65 | K178: =J178*I178 -> 0
A181: C13.7 | C181: TOTAL CARRIED FORWARD TO SUMMARY | K181: =SUM(K162:K180) -> 0

Sheet C2.2 ELECTRICAL
A10: SCHEDULE C: ELECTRICAL INSTALLATION

Sheet SCH C - ELEC
A1: CONTRACT SANRAL R.573-020-2019/5R
A2: FOR THE UPGRADING OF NATIONAL ROUTE R573 SECTION 2: WORK PACKAGE B FROM KM 36.20 TO KM 48.16
A3: SCHEDULE C: ELECTRICAL INSTALLATION
A4: ITEM | C4: DESCRIPTION | D4: UNIT | E4: QUANTITY | F4: RATE | G4: AMOUNT
A5: 1 | C5: PART 1: POINT OF SUPPLY
C7: Bulk Services Fee
B9: 1.1 | C9: Allow for Applications to, liaison with, co-ordination with and commissioning with Supply Authority for Shut Downs and/or Changeover, reconnection to the existing electricity network. This sum value includes for all 4 connection points | D9: Sum | E9: 1 | F9: 750000 | G9: =E9*F9 -> 750000
C11: Main LV Connections
C13: Terminate 120mm2 4C Cu + 35mm2 BCEW onto Eskom metering termination point.
B15: 1.4 | C15: Supply | D15: No | E15: 10 | G15: =E15*F15 -> 0
B17: 1.5 | C17: Install | D17: No | E17: 10 | G17: =E17*F17 -> 0
C19: Roadway Lighting Control Kiosk (RLCK)
C21: Supply, deliver to site, off load, install, test and commission vandal proof stainless steel enclosures similar or equal to the Interlock Roadside Enclosure type roadway lighting control kiosks, complete as per single line schematic diagrams and to specification. Kiosks to include security key activated lock with override option. Lock to allow integration with the Light Management System (LMS) - allowance for integration to be included as part of the cost.
C23: Roadway Lighting Control Kiosk (RLCK) TX1-1
B25: 1.6 | C25: Supply | D25: No | E25: 1 | G25: =E25*F25 -> 0
B27: 1.7 | C27: Install | D27: No | E27: 1 | G27: =E27*F27 -> 0
C29: Roadway Lighting Control Kiosk (RLCK) TX1-2
B31: 1.8 | C31: Supply | D31: No | E31: 1 | G31: =E31*F31 -> 0
B33: 1.9 | C33: Install | D33: No | E33: 1 | G33: =E33*F33 -> 0
C35: Roadway Lighting Control Kiosk (RLCK) TX1-3
B37: 1.10 | C37: Supply | D37: No | E37: 1 | G37: =E37*F37 -> 0
B39: 1.11 | C39: Install | D39: No | E39: 1 | G39: =E39*F39 -> 0
C41: Roadway Lighting Control Kiosk (RLCK) TX2-1
B43: 1.12 | C43: Supply | D43: No | E43: 1 | G43: =E43*F43 -> 0
B45: 1.13 | C45: Install | D45: No | E45: 1 | G45: =E45*F45 -> 0
C47: Roadway Lighting Control Kiosk (RLCK) TX2-2
B49: 1.14 | C49: Supply | D49: No | E49: 1 | G49: =E49*F49 -> 0
B51: 1.15 | C51: Install | D51: No | E51: 1 | G51: =E51*F51 -> 0
C53: Roadway Lighting Control Kiosk (RLCK) TX2-3
B55: 1.16 | C55: Supply | D55: No | E55: 1 | G55: =E55*F55 -> 0
B57: 1.17 | C57: Install | D57: No | E57: 1 | G57: =E57*F57 -> 0
A60: TOTAL CARRIED FORWARD | G60: =SUM(G5:G59) -> 750000
A61: TOTAL BROUGHT FORWARD | G61: =G60 -> 750000
C63: Roadway Lighting Control Kiosk (RLCK) TX3-1
B65: 1.18 | C65: Supply | D65: No | E65: 1 | G65: =E65*F65 -> 0
B67: 1.19 | C67: Install | D67: No | E67: 1 | G67: =E67*F67 -> 0
C69: Roadway Lighting Control Kiosk (RLCK) TX3-2
B71: 1.20 | C71: Supply | D71: No | E71: 1 | G71: =E71*F71 -> 0
B73: 1.21 | C73: Install | D73: No | E73: 1 | G73: =E73*F73 -> 0
C75: Roadway Lighting Control Kiosk (RLCK) TX3-3
B77: 1.22 | C77: Supply | D77: No | E77: 1 | G77: =E77*F77 -> 0
B79: 1.23 | C79: Install | D79: No | E79: 1 | G79: =E79*F79 -> 0
C81: Roadway Lighting Control Kiosk (RLCK) TX4-1
B83: 1.24 | C83: Supply | D83: No | E83: 1 | G83: =E83*F83 -> 0
B85: 1.25 | C85: Install | D85: No | E85: 1 | G85: =E85*F85 -> 0
C87: Roadway Lighting Control Kiosk (RLCK) TX4-2
B89: 1.26 | C89: Supply | D89: No | E89: 1 | G89: =E89*F89 -> 0
B91: 1.27 | C91: Install | D91: No | E91: 1 | G91: =E91*F91 -> 0
C93: Roadway Lighting Control Kiosk (RLCK) TX4-3
B95: 1.28 | C95: Supply | D95: No | E95: 1 | G95: =E95*F95 -> 0
B97: 1.29 | C97: Install | D97: No | E97: 1 | G97: =E97*F97 -> 0
C99: Roadway Lighting Control Kiosk (RLCK) TX5-1
B101: 1.30 | C101: Supply | D101: No | E101: 1 | G101: =E101*F101 -> 0
B103: 1.31 | C103: Install | D103: No | E103: 1 | G103: =E103*F103 -> 0
C105: Roadway Lighting Control Kiosk (RLCK) TX5-2
B107: 1.32 | C107: Supply | D107: No | E107: 1 | G107: =E107*F107 -> 0
B109: 1.33 | C109: Install | D109: No | E109: 1 | G109: =E109*F109 -> 0
C111: Roadway Lighting Control Kiosk (RLCK) TX5-3
B113: 1.34 | C113: Supply | D113: No | E113: 1 | G113: =E113*F113 -> 0
B115: 1.35 | C115: Install | D115: No | E115: 1 | G115: =E115*F115 -> 0
C117: Supply and install pre-cast or cast in situ concrete plinth for RLCK, complete and to specification
B119: 1.36 | C119: Supply | D119: No | E119: 1 | G119: =E119*F119 -> 0
B121: 1.37 | C121: Install | D121: No | E121: 1 | G121: =E121*F121 -> 0
C123: Supply and Install suitably sized galvanised steel frame roadway lighting control kiosk security enclosure, complete with galvanised welded mesh fence panels, galvanised steel access gate, concrete bases, support footings, 1m wide apron around enclosure etc. complete as described in the Specification.
B125: 1.38 | C125: Supply | D125: No | E125: =3*5 -> 15 | G125: =E125*F125 -> 0
B127: 1.39 | C127: Install | D127: No | E127: 15 | G127: =E127*F127 -> 0
A130: TOTAL CARRIED FORWARD | G130: =SUM(G61:G129) -> 750000
A131: TOTAL BROUGHT FORWARD | G131: =G130 -> 750000
C132: Testing and Certification
B134: 1.40 | C134: Provide for attendance at all required supply authority inspections | D134: Sum | E134: 1 | F134: 22000 | G134: =E134*F134 -> 22000
B136: 1.41 | C136: Provide for labelling and marking of cables as per Clause 4.5 of the SANS 10142 - Wiring Code of Practice: Part 1 - Low Voltage Installations and the OHS act 85 of 1993 | D136: Sum | E136: 1 | F136: 8000 | G136: =E136*F136 -> 8000
B138: 1.42 | C138: Provide all Certificates of Compliance and Testing Certificates for new Roadway Lighting Control Kiosk installations complete and to specification | D138: Sum | E138: 1 | F138: 17500 | G138: =E138*F138 -> 17500
B140: 1.43 | C140: Protection shelter for kisok/minisub as per SANRAL typical detail | D140: Sum | E140: 1 | F140: 1000000 | G140: =E140*F140 -> 1000000
A143: PART 1 | C143: TOTAL CARRIED FORWARD TO SUMMARY | G143: =SUM(G131:G142) -> 1797500
A144: 2 | C144: PART 2: CABLE TRENCHING AND EXCAVATION
C146: Low Voltage Cable Trenching
C148: Excavation of 450mm (w) x 1350mm (d) trench for electrical cables including for sifting, back-filling and compaction
B150: 2.1 | C150: Soft excavation as classified in SANS 1200 section D-1988 | D150: m³ | E150: 6000 | G150: =E150*F150 -> 0
B152: 2.2 | C152: Intermediate excavation as classified in SANS 1200 section D-1988 | D152: m³ | E152: 3370 | G152: =E152*F152 -> 0
B154: 2.3 | C154: Hard excavation as classified in SANS 1200 section D-1988 | D154: m³ | E154: 200 | G154: =E154*F154 -> 0
B156: 2.4 | C156: Allow for importation of suitable sand for cable blanket and cable bedding. Note imported sand must be of a different colour to the sand that is found on site. | D156: m³ | E156: 1720 | G156: =E156*F156 -> 0
B158: 2.5 | C158: Allow for sifting excavated trench material for sand backfill | D158: m³ | E158: 5820 | G158: =E158*F158 -> 0
B160: 2.6 | C160: Allow for the return of sifted sand for the backfill | D160: m³ | E160: 3000 | G160: =E160*F160 -> 0
B162: 2.7 | C162: Allow for importation of suitable sand for remaining backfill. | D162: m³ | E162: 2820 | G162: =E162*F162 -> 0
B164: 2.8 | C164: Backfill in layers to 90% MDD (100% for sand) (In layers not exceeding 200mm) | D164: m³ | E164: =5820-1720 -> 4100 | G164: =E164*F164 -> 0
B166: 2.9 | C166: Removal of excess excavated material to dumpsite | D166: m³ | E166: 500 | G166: =E166*F166 -> 0
B168: 2.10 | C168: Allow for careful hand excavation test trench | D168: m³ | E168: 50 | G168: =E168*F168 -> 0
C170: PVC Danger Tape
C172: Supply and install PVC danger tape
B174: 2.11 | C174: Supply | D174: m | E174: 9580 | G174: =E174*F174 -> 0
B176: 2.12 | C176: Install | D176: m | E176: 9580 | G176: =E176*F176 -> 0
C178: Cable Marker
C180: Supply and install concrete cable markers as per specification
B182: 2.13 | C182: Supply | D182: No | E182: 50 | G182: =E182*F182 -> 0
B184: 2.14 | C184: Install | D184: No | E184: 50 | G184: =E184*F184 -> 0
C186: Sleeve Pipe Installation
C188: Allow for directional drilling (trenchless installation) of PVC sleeves underneath existing roads for installation of the new underground feeder cables, including for the excavation of holes required at the start and end points, as per specification
C190: Directional drilling including 160mm diameter sleeve
B192: 2.15 | C192: Supply | D192: m | E192: 100 | G192: =E192*F192 -> 0
B194: 2.16 | C194: Install | D194: m | E194: 100 | G194: =E194*F194 -> 0
...

Sheet C2.2 SCL + TL + TE
A10: SCHEDULE D: STAKEHOLDER AND COMMUNITY LIAISON, AND TARGETED LABOUR AND TARGETED ENTERPRISES UTILISATION AND DEVELOPMENT

Sheet SCH D - SCL + TL + TE
A1: CONTRACT SANRAL R.573-020-2019/5R
A2: FOR THE UPGRADING OF NATIONAL ROUTE R573 SECTION 2: WORK PACKAGE B FROM KM 36.20 TO KM 48.16
A3: SCHEDULE D: STAKEHOLDER AND COMMUNITY LIAISON, AND TARGETED LABOUR AND TARGETED ENTERPRISES UTILISATION AND DEVELOPMENT
A4: ITEM | C4: DESCRIPTION | H4: UNIT | I4: QUANTITY | J4: RATE | K4: AMOUNT
A6: D10.01 | C6: Target Group Participation
B7: D10.01(a) | C7: N/A
A8: D10.02 | C8: Stakeholder and Community Liaison and Social Facilitation
B9: D10.02(a) | C9: Cost of liaison, social facilitation and PLC support | H9: prime cost (PC) sum | I9: Prime | J9: Cost | K9: 1500000
B10: D10.02(b) | C10: Handling cost and profit in respect of sub-item D10.02(a) | H10: percentage (%) | I10: =K9 -> 1500000 | K10: =I10*J10 -> 0
A11: D10.03 | C11: Tender Process for Targeted Enterprises
B12: D10.03(a) | C12: Contractor’s charge for the management and execution of the Targeted Enterprise procurement process:
B13: D10.03(a)(i) | C13: Procurement process for the totality of all tenders concluded for the appointment of Targeted Enterprise subcontractors of CIDB 1 and 2 contractor grading | H13: number (No.) | I13: 6 | K13: =I13*J13 -> 0
B14: D10.03(a)(ii) | C14: Procurement process for the totality of all tenders concluded for the appointment of Targeted Enterprise subcontractors of CIDB 3 and 4 contractor grading | H14: number (No.) | I14: 3 | K14: =I14*J14 -> 0
B15: D10.03(a)(iii) | C15: Procurement process for the totality of all tenders concluded for the appointment of Targeted Enterprise subcontractors of CIDB 5 and higher contractor grading | H15: number (No.) | I15: 1 | K15: =I15*J15 -> 0
B16: D10.03(a)(iv) | C16: Procurement process for the totality of all tenders concluded for the appointment of Targeted Enterprise suppliers | H16: number (No.) | I16: 10 | K16: =I16*J16 -> 0
B17: D10.03(b) | C17: Targeted Enterprise Procurement Coordinator | H17: month | I17: 6 | K17: =I17*J17 -> 0
A18: D10.04 | C18: Responsibilities of the Contractor towards Targeted Enterprises
B19: D10.04(a) | C19: Contractor’s establishment, management, management support, assistance, coaching, guidance, mentoring and supervision of Targeted Enterprises | H19: month | I19: 27 | K19: =I19*J19 -> 0
B20: D10.04(b) | C20: Targeted Enterprise Construction Manager | H20: Person.Month | I20: 27 | K20: =I20*J20 -> 0
B21: D10.04(c) | C21: Targeted Enterprise Site Supervisors | H21: Person.Month | I21: 48 | K21: =I21*J21 -> 0
A22: D10.05 | C22: Construction Works by Targeted Enterprises
B23: D10.05(a) | C23: Payments associated with the construction works executed by Targeted Enterprise subcontractors of CIDB 1 and 2 contractor grading designation appointed in terms of Section D of the Specifications | H23: prime cost (PC) sum | I23: Prime | J23: Cost | K23: 6158800.5
B24: D10.05(b) | C24: Handling costs and profit in respect of payment associated with sub-item D10.05(a) | H24: percentage (%) | I24: =K23 -> 6158800.5 | K24: =I24*J24 -> 0
B25: D10.05(c) | C25: Fluctuation between the main contractor’s rates and that of the Targeted Enterprise subcontractors | H25: lump sum | I25: 1 | K25: =I25*J25 -> 0
B26: D10.05(d) | C26: Preliminary and General Obligations of Targeted Enterprise sub-contractors appointed in terms of Section D of the Specifications | H26: lump sum | I26: 1 | K26: =I26*J26 -> 0
A27: D10.06 | C27: Training, coaching, guidance, mentoring and assistance
B28: D10.06(a) | C28: Accredited occupational qualification training
B29: D10.06(a)(i) | C29: Stipend/wages for unemployed learners | H29: prime cost (PC) sum | I29: Prime | J29: Cost | K29: =93400*24 -> 2241600
B30: D10.06(a)(ii) | C30: Handling costs and profit in respect of payment associated with sub-item D10.06(a)(i). | H30: percentage (%) | I30: =K29 -> 2241600 | K30: =I30*J30 -> 0
B31: D10.06(a)(iii) | C31: Mentorship and other costs | H31: Person.Month | I31: 24 | J31: 120000 | K31: =I31*J31 -> 2880000
B32: D10.06(b) | C32: TVET college graduates and apprenticeships
B33: D10.06(b)(i) | C33: Stipend/wages for unemployed learners | H33: prime cost (PC) sum | I33: Prime | J33: Cost | K33: =24*28000 -> 672000
B34: D10.06(b)(ii) | C34: Handling costs and profit in respect of payment associated with sub-item D10.06(b)(i). | H34: percentage (%) | I34: =K33 -> 672000 | K34: =I34*J34 -> 0
B35: D10.06(b)(iii) | C35: Mentorship and other costs | H35: Person.Month | I35: 24 | J35: 21000 | K35: =I35*J35 -> 504000
B36: D10.06(c) | C36: P1 and P2 learners and learners with a 240 credits qualification
B37: D10.06(c)(i) | C37: Stipend/wages for unemployed learners | H37: prime cost (PC) sum | I37: Prime | J37: Cost | K37: =24*61000 -> 1464000
B38: D10.06(c)(ii) | C38: Handling costs and profit in respect of payment associated with sub-item D10.06(c)(i). | H38: percentage (%) | I38: =K37 -> 1464000 | K38: =I38*J38 -> 0
A40: TOTAL CARRIED FORWARD | K40: =SUM(K6:K38) -> 15420400
A41: TOTAL BROUGHT FORWARD | K41: =K40 -> 15420400
B42: D10.06(c)(iii) | C42: Mentorship and other costs | H42: Person.Month | I42: 24 | J42: 49000 | K42: =I42*J42 -> 1176000
B43: D10.06(c)(iv) | C43: Travel and Accommodation | H43: prime cost (PC) sum | I43: Prime | J43: Cost | K43: =10*24*10000 -> 2400000
B44: D10.06(c)(v) | C44: Handling costs and profit in respect of payment associated with sub-item D10.06(c)(iv). | H44: percentage (%) | I44: =K43 -> 2400000 | K44: =I44*J44 -> 0
B45: D10.06(d) | C45: Candidates with 360 credits or more qualification
B46: D10.06(d)(i) | C46: Stipend/wages for unemployed learners | H46: prime cost (PC) sum | I46: Prime | J46: Cost | K46: =24*94000 -> 2256000
B47: D10.06(d)(ii) | C47: Handling costs and profit in respect of payment associated with sub-item D10.06(d)(i). | H47: percentage (%) | I47: =K46 -> 2256000 | K47: =I47*J47 -> 0
B48: D10.06(d)(iii) | C48: Mentorship and other costs | H48: Person.Month | I48: 24 | J48: 13000 | K48: =I48*J48 -> 312000
B49: D10.06(d)(iv) | C49: Travel and Accommodation | H49: prime cost (PC) sum | I49: Prime | J49: Cost | K49: =10*24*10000 -> 2400000
B50: D10.06(d)(v) | C50: Handling costs and profit in respect of payment associated with sub-item D10.06(d)(iv). | H50: percentage (%) | I50: =K49 -> 2400000 | K50: =I50*J50 -> 0
B51: D10.06(e) | C51: Generic skills training
B52: D10.06(e)(i) | C52: Stipend/wages for unemployed learners | H52: prime cost (PC) sum | I52: Prime | J52: Cost | K52: =24*93400 -> 2241600
B53: D10.06(e)(ii) | C53: Handling costs and profit in respect of payment associated with sub-item D10.06(e)(i). | H53: percentage (%) | I53: =K52 -> 2241600 | K53: =I53*J53 -> 0
B54: D10.06(e)(iii) | C54: Mentorship and other costs | H54: Person.Month | I54: 24 | J54: 120000 | K54: =I54*J54 -> 2880000
B55: D10.06(f) | C55: Community training
B56: D10.06(f)(i) | C56: Stipend/wages for unemployed learners | H56: prime cost (PC) sum | I56: Prime | J56: Cost | K56: =24*93400 -> 2241600
B57: D10.06(f)(ii) | C57: Handling costs and profit in respect of payment associated with sub-item D10.06(f)(i). | H57: percentage (%) | I57: =K56 -> 2241600 | K57: =I57*J57 -> 0
B58: D10.06(f)(iii) | C58: Mentorship and other costs | H58: Person.Month | I58: 24 | J58: 120000 | K58: =I58*J58 -> 2880000
A61: D1010 | C61: TOTAL CARRIED FORWARD TO SUMMARY | K61: =SUM(K41:K60) -> 34207600

Sheet Summary
A1: SUMMARY
A3: CONTRACT SANRAL R.573-020-2019/5R
A4: FOR THE UPGRADING OF NATIONAL ROUTE R573 SECTION 2: WORK PACKAGE B FROM KM 36.20 TO KM 48.16
A6: SCHEDULE A: ROADWORKS
A8: GENERAL
A9: C1.2 | B9: GENERAL REQUIREMENTS AND PROVISIONS | C9: ='SCH A - ROADWORKS'!K58 -> 2460000
A10: C1.3 | B10: CONTRACTOR’S SITE ESTABLISHMENT AND GENERAL OBLIGATIONS | C10: ='SCH A - ROADWORKS'!K79 -> 560000
A11: C1.4 | B11: FACILITIES FOR THE ENGINEER | C11: ='SCH A - ROADWORKS'!K182 -> 2235000
A12: C1.5 | B12: ACCOMMODATION OF TRAFFIC | C12: ='SCH A - ROADWORKS'!K274 -> 150000
A13: C1.6 | B13: CLEARING AND GRUBBING | C13: ='SCH A - ROADWORKS'!K315 -> 290000
A14: C1.7 | B14: LOADING AND HAULING | C14: ='SCH A - ROADWORKS'!K334 -> 0 | D14: =SUM(C9:C14) -> 5695000
A16: SERVICES
A17: C2.1 | B17: GENERAL REQUIREMENTS AND TRENCHING FOR SERVICES | C17: ='SCH A - ROADWORKS'!K367 -> 7220000
A18: C2.2 | B18: DRY SERVICES | C18: ='SCH A - ROADWORKS'!K389 -> 0
A19: C2.3 | B19: WET SERVICES | C19: 0
A20: C2.4 | B20: ENERGY AND OTHER SERVICES | C20: 0 | D20: =SUM(C17:C20) -> 7220000
A22: DRAINAGE
A23: C3.1 | B23: DRAINS | C23: ='SCH A - ROADWORKS'!K440 -> 100000
A24: C3.2 | B24: CULVERTS | C24: ='SCH A - ROADWORKS'!K487 -> 0
A25: C3.3 | B25: CONCRETE KERBING AND CHANNELING, ASPHALT BERMS, CHUTES, DOWNPIPES, AS WELL AS CONCRETE, STONE PITCHED AND GABION LININGS FOR OPEN DRAINS | C25: ='SCH A - ROADWORKS'!K523 -> 0 | D25: =SUM(C23:C25) -> 100000
A27: EARTHWORKS AND PAVEMENT LAYERS MATERIALS
A28: C4.1 | B28: BORROW MATERIALS | C28: ='SCH A - ROADWORKS'!K562 -> 2600000
A29: C4.2 | B29: CUT MATERIALS | C29: ='SCH A - ROADWORKS'!K591 -> 250000
A30: C4.3 | B30: EXISTING ROAD MATERIALS | C30: ='SCH A - ROADWORKS'!K621 -> 100000
A31: C4.4 | B31: COMMERCIAL MATERIALS | C31: ='SCH A - ROADWORKS'!K644 -> 75000
A32: C4.5 | B32: ALTERNATIVE MATERIALS | C32: 0 | D32: =SUM(C28:C32) -> 3025000
A34: EARTHWORKS AND PAVEMENT LAYERS CONSTRUCTION
A35: C5.1 | B35: ROADBED | C35: ='SCH A - ROADWORKS'!K673 -> 0
A36: C5.2 | B36: FILL | C36: ='SCH A - ROADWORKS'!K686 -> 0
A37: C5.3 | B37: ROAD PAVEMENT LAYERS | C37: ='SCH A - ROADWORKS'!K719 -> 100000
A38: C5.4 | B38: STABILISATION | C38: ='SCH A - ROADWORKS'!K736 -> 0
A39: C5.5 | B39: RECONSTRUCTION OF PAVEMENT LAYERS | C39: 0 | D39: =SUM(C35:C39) -> 100000
A41: CONCRETE LAYERS
A42: C6.1 | B42: PAVER LAID CONCRETE LAYERS | C42: ='SCH A - ROADWORKS'!K760 -> 0
A43: C6.2 | B43: SEGMENTAL BLOCK PAVING LAYERS | C43: ='SCH A - ROADWORKS'!K775 -> 500000 | D43: =SUM(C42:C43) -> 500000
A45: MAINTENANCE AND REPAIR CONCRETE LAYERS
A46: C7.1 | B46: REPLACEMENT OF EXISTING JOINT SEALANT | C46: 0
A47: C7.2 | B47: REPAIR TO CONCRETE PANELS AND CONCRETE ADJACENT TO UNCONTROLLED CRACKS AND EXISTING JOINTS | C47: 0
A48: C7.3 | B48: REMOVAL AND REINSTATEMENT OF EXISTING CONCRETE LAYERS | C48: 0
A49: C7.4 | B49: REINSTATEMENT OF SLAB SUPPORT BY GROUT INJECTION | C49: 0
A50: C7.5 | B50: REINSTATEMENT OF RIDING QUALITY | C50: 0
A51: C7.6 | B51: REINSTATEMENT OF SURFACE TEXTURE | C51: 0 | D51: =SUM(C46:C51) -> 0
A53: PRETREATMENT AND REPAIR EXISTING LAYERS
A54: C8.1 | B54: PRIME COAT (n/a) | C54: ='SCH A - ROADWORKS'!K785 -> 0
A55: C8.2 | B55: COVER SPRAYS, FOG SPRAYS AND REJUVENATION SPRAYS | C55: 0
A56: C8.3 | B56: TEXTURE TREATMENT | C56: 0
A57: C8.4 | B57: RUT AND/OR DEPRESSION CORRECTION | C57: 0
A58: C8.5 | B58: STANDARD CRACK SEALING | C58: 0
A59: C8.6 | B59: GEOSYNTHETIC CRACK SEALING | C59: 0
A60: C8.7 | B60: PLANING | C60: 0
A61: C8.8 | B61: PATCHING AND EDGE BREAK REPAIR | C61: 0
A62: C8.9 | B62: REPAIR OF SURFACE DEFECTS | C62: 0 | D62: =SUM(C54:C62) -> 0
A64: ASPHALT LAYERS
A65: C9.1 | B65: ASPHALT LAYERS | C65: ='SCH A - ROADWORKS'!K830 -> 100000 | D65: =SUM(C65) -> 100000
A67: SURFACE TREATMENTS
A68: C10.1 | B68: GENERAL REQUIREMENTS FOR SURFACE TREATMENTS | C68: 0 | D68: =SUM(C68) -> 0
A70: ANCILLIARY ROAD WORKS
A71: C11.1 | B71: PITCHING, STONEWORK, CAST IN SITU CONCRETE FOR PROTECTION AGAINST EROSION | C71: ='SCH A - ROADWORKS'!K847 -> 50000
A72: C11.2 | B72: NON-STRUCTURAL GABIONS | C72: 0
A73: C11.3 | B73: GUIDE BLOCKS AND KILOMETRE MARKERS | C73: 0
A74: C11.4 | B74: ROAD RESTRAINT SYSTEMS | C74: ='SCH A - ROADWORKS'!K894 -> 0
A75: C11.5 | B75: FENCING | C75: ='SCH A - ROADWORKS'!K934 -> 0
A76: C11.6 | B76: ROAD SIGNS | C76: ='SCH A - ROADWORKS'!K990 -> 0
A77: C11.7 | B77: ROAD MARKINGS AND ROAD STUDS | C77: ='SCH A - ROADWORKS'!K1028 -> 0
A78: C11.8 | B78: LANDSCAPING AND PLANTING PLANTS | C78: ='SCH A - ROADWORKS'!K1057 -> 500000
A79: C11.9 | B79: FINISHING THE ROAD AND ROAD RESERVE AND TREATING OLD ROADS | C79: ='SCH A - ROADWORKS'!K1068 -> 0 | D79: =SUM(C71:C79) -> 550000
A81: GEOTECHNICAL
A82: C12.1 | B82: PILING | C82: 0
A83: C12.2 | B83: GROUND ANCHORS | C83: 0
A84: C12.3 | B84: GROUND IMPROVEMENT | C84: 0
A85: C12.4 | B85: LATERAL SUPPORT | C85: 0
A86: C12.5 | B86: SHOTCRETE | C86: 0
A87: C12.6 | B87: MECHANICALLY STABILISED EARTH WALLS AND GABIONS | C87: 0
A88: C12.7 | B88: TRENCHLESS METHODS | C88: 0
A89: C12.8 | B89: GROUND DRAINAGE | C89: 0
A90: C12.9 | B90: SLOPE PROTECTION MEASURES | C90: 0
A91: C12.10 | B91: HARD EXCAVATION BY BLASTING | C91: 0
A92: C12.11 | B92: GEOSYNTHETICS | C92: 0
A93: C12.12 | B93: CONSTRUCTION DEWATERING | C93: 0 | D93: =SUM(C82:C93) -> 0
A95: STRUCTURES
A96: C13.1 | B96: FOUNDATIONS | C96: 0
A97: C13.2 | B97: FALSEWORK, FORMWORK AND CONCRETE FINISH | C97: 0
A98: C13.3 | B98: STEEL REINFORCEMENT | C98: 0
A99: C13.4 | B99: CONCRETE | C99: 0
A100: C13.5 | B100: PRESTRESSING | C100: 0
A101: C13.6 | B101: BEARINGS | C101: 0
A102: C13.7 | B102: JOINTS | C102: 0
A103: C13.8 | B103: ANCILLARY STRUCTURAL ELEMENTS | C103: 0
A104: C13.9 | B104: STRUCTURAL STEELWORK FOR MINOR STRUCTURES | C104: 0
A105: C13.10 | B105: PAINTING OF MINOR STRUCTURES | C105: 0
A106: C13.11 | B106: STRUCTURAL STEELWORK FOR MAJOR STRUCTURES | C106: 0
A107: C13.12 | B107: STRUCTURAL STEEL PROTECTIVE TREATMENT OF MAJOR STRUCTURES | C107: 0
A108: C13.13 | B108: INCREMENTAL LAUNCHING OF BRIDGE DECKS | C108: 0
A109: C13.14 | B109: SPECIALIST STRUCTURES | C109: 0 | D109: =SUM(C96:C109) -> 0
A111: REPAIR AND REHABILITATION STRUCTURES
A112: C14.1 | B112: ACCESS FOR BRIDGE REHABILITATION | C112: 0
A113: C14.2 | B113: CORROSION SURVEY METHODS AND TESTING OF NEAR SURFACE CONCRETE PROPERTIES | C113: 0
A114: C14.3 | B114: DEMOLITION AND REMOVAL OF STRUCTURAL CONCRETE AND STEELWORK | C114: 0
A115: C14.4 | B115: SURFACE AND STRUCTURAL REPAIR OF CONCRETE MEMBERS | C115: 0
A116: C14.5 | B116: ANCHORING OF REINFORCEMENT, GROUTING AND CRACK INJECTION | C116: 0
...

Sheet Form C2.3 Summary of Pricing Sc
A1: C2.3 SUMMARY OF PRICING SCHEDULE
A3: CONTRACT SANRAL R.573-020-2019/5R
A4: FOR THE UPGRADING OF NATIONAL ROUTE R573 SECTION 2: WORK PACKAGE B FROM KM 36.20 TO KM 48.16
A7: SCHEDULE A: | B7: ROADWORKS | C7: =Summary!C127 -> 77540000
A9: SCHEDULE B: | B9: STRUCTURES | C9: =Summary!C1301 -> 1200000
A11: SCHEDULE C: | B11: ELECTRICAL INSTALLATION | C11: =Summary!C1310 -> 5763500
A13: SCHEDULE D: | B13: STAKEHOLDER AND COMMUNITY LIAISON, AND TARGET LABOUR AND TARGETED ENTERPRISES UTILISATION AND DEVELOPMENT | C13: =Summary!C1377 -> 34207600
A16: SUBTOTAL A | C16: =C7+C9+C11+C13 -> 1.187111e+08
A20: VALUE ADDED TAX:
A21: 15% of Subtotal B | C21: =C16*0.15 -> 17806665
A23: TOTAL CARRIED TO C.1.1.1 : FORM OF OFFER | C23: =C16+C21 -> 1.3651777e+08
A29: SIGNED BY TENDERER: …...................................................................................................................
